 Dungeon Crawl Stone Soup version 0.29.1-15-g9cfb28693d (webtiles) character file.

Game seed: 15539627941852282022

11886608 Pegasus the Petrodigitator (level 27, 253/254 HPs)
             Began as a Human Conjurer on Feb 26, 2023.
             Was an Initiate of Gozag.
             Escaped with the Orb
             ... and 15 runes on Feb 28, 2023!
             The game lasted 08:19:51 (138010 turns).

Pegasus the Petrodigitator (Human Conjurer)       Turns: 138010, Time: 08:19:52

Health: 253/254    AC: 29    Str:  5    XL:     27
Magic:  11/54      EV: 34    Int: 41    God:    Gozag
Gold:   19280      SH: 25    Dex: 23    Spells: 5/80 levels left

rFire   + + +      SeeInvis +   N - staff of earth
rCold   + + +      Faith    .   C - +5 kite shield {reflect}
rNeg    + + +      Spirit   +   c - +4 skin of Zhor {*Englaciate rC+++ SInv}
rPois   ∞          Reflect  +   h - +3 helmet of Fallacy {rPois rN+ rCorr Slay+3}
rElec   +          Harm     .   o - +2 cloak {rPois}
rCorr   +          Rampage  .   s - +2 pair of gloves
Will    +++..                   k - +2 pair of boots of Xuelubb {Regen+ Int+3 Dex+3}
Stlth   +.........              b - amulet of the Fae God {Spirit rF++ rCorr Int+2}
HPRegen 1.32/turn               S - ring of Husma {Fire rElec Str-3 Dex+7 SInv}
MPRegen 0.34/turn               u - ring of the Sky {rN+ EV+4 Int+3}

@: lich-form, gold aura, studying 7 skills
A: draining attack, torment immunity, no potions, clever 1, robust 1, MP-powered
wands
0: Orb of Zot
}: 15/15 runes: serpentine, barnacled, slimy, silver, golden, iron, obsidian,
icy, bone, abyssal, demonic, glowing, magical, fiery, dark
a: End Transformation, Renounce Religion, Potion Petition, Call Merchant, Bribe
Branch


You escaped.
You worshipped Gozag.
Gozag was extremely pleased with you.
You were an undead lich.
You visited 17 branches of the dungeon, and saw 87 of its levels.
You visited Pandemonium 1 time, and saw 18 of its levels.
You visited the Abyss 2 times.
You visited 1 bazaar.
You completed 1 ziggurat, and saw 27 of its levels.
You also visited: Ice Cave.

You collected 56103 gold pieces.
You spent 5873 gold pieces at shops.
You paid 30950 gold pieces to Gozag.

Inventory:

Hand Weapons
 x - the +4 staff of Dispater
   (You took it off Dispater on level 7 of the Iron City of Dis)

   It can be evoked to hurl damnation at the cost of health and magic, with
   strength depending on Evocations skill.
Missiles
 T - 18 silver javelins (quivered)
Armour
 c - the +4 skin of Zhor (worn) {*Englaciate rC+++ SInv}
   (You found it on level 7 of the Iron City of Dis)

   It radiates cold, occasionally slowing all nearby creatures who are not
   resistant to cold.
   rC:        It renders you almost immune to cold.
   SInv:      It lets you see invisible.
 h - the +3 helmet of Fallacy (worn) {rPois rN+ rCorr Slay+3}
   (You found it on level 3 of the Elven Halls)

   Slay:      It affects your accuracy & damage with ranged weapons and melee
   (+3).
   rPois:     It protects you from poison.
   rN:        It protects you from negative energy.
   rCorr:     It protects you from acid and corrosion.
 k - the +2 pair of boots of Xuelubb (worn) {Regen+ Int+3 Dex+3}
   (You acquired it on level 13 of the Dungeon)

   Int:       It affects your intelligence (+3).
   Dex:       It affects your dexterity (+3).
   Regen:     It increases your rate of health regeneration.
 o - a +2 cloak of poison resistance (worn)
 p - a +2 robe of the Archmagi
 s - a +2 pair of gloves (worn)
 C - a +5 kite shield of reflection (worn)
Magical Staves
 N - a staff of earth (weapon)
Jewellery
 a - the ring "Piher" {rN+ Will+ Str+4}
   (You took it off a deep elf sorcerer on level 3 of the Elven Halls)

   [ring of willpower]

   Str:       It affects your strength (+4).
   rN:        It protects you from negative energy.
   Will:      It increases your willpower.
 b - the amulet of the Fae God (around neck) {Spirit rF++ rCorr Int+2}
   (You found it on level 5 of the Pits of Slime)

   [amulet of guardian spirit]

   It causes incoming damage to be divided between your reserves of health and
   magic.
   Int:       It affects your intelligence (+2).
   rF:        It greatly protects you from fire.
   rCorr:     It protects you from acid and corrosion.
 t - the ring of Mouji {Will+ Int+4}
   (You found it on level 7 of Cocytus)

   [ring of willpower]

   Int:       It affects your intelligence (+4).
   Will:      It increases your willpower.
 u - the ring of the Sky (right hand) {rN+ EV+4 Int+3}
   (You found it on level 7 of Cocytus)

   [ring of evasion]

   EV:        It affects your evasion (+4).
   Int:       It affects your intelligence (+3).
   rN:        It protects you from negative energy.
 v - the ring "Ycuiw" {rElec Str+2 Dex+6}
   (You took it off a yaktaur on level 5 of the Vaults)

   [ring of dexterity]

   Str:       It affects your strength (+2).
   Dex:       It affects your dexterity (+6).
   rElec:     It insulates you from electricity.
 F - the ring "Gailuepi" {rF+ Int+7}
   (You found it on level 23 of a ziggurat)

   [ring of protection from fire]

   Int:       It affects your intelligence (+7).
   rF:        It protects you from fire.
 I - the ring of Vaovvyq {rCorr EV+4 Str+8 Int+4 Stlth-}
   (You found it on level 20 of a ziggurat)

   [ring of evasion]

   EV:        It affects your evasion (+4).
   Str:       It affects your strength (+8).
   Int:       It affects your intelligence (+4).
   rCorr:     It protects you from acid and corrosion.
   Stlth:     It makes you less stealthy.
 J - the ring "Qouzezao" {rF+ Dex+4}
   (You found it on level 4 of a ziggurat)

   [ring of protection from fire]

   Dex:       It affects your dexterity (+4).
   rF:        It protects you from fire.
 R - the ring of the Tortoise {AC+8}
   (You found it on level 25 of a ziggurat)

   [ring of protection]

   AC:        It affects your AC (+8).
 S - the ring of Husma (left hand) {Fire rElec Str-3 Dex+7 SInv}
   (You found it on level 5 of the Lair of Beasts)

   [ring of fire]

   It enhances your fire magic.
   Str:       It affects your strength (-3).
   Dex:       It affects your dexterity (+7).
   rF:        It protects you from fire.
   rC:        It makes you vulnerable to cold.
   rElec:     It insulates you from electricity.
   SInv:      It lets you see invisible.
 Y - the amulet of Pobbal {rC+++ rN++ Regen+}
   (You bought it in a shop on level 3 of the Snake Pit)

   [amulet of regeneration]

   rC:        It renders you almost immune to cold.
   rN:        It greatly protects you from negative energy.
   Regen:     It increases your rate of health regeneration.
Wands
 j - a wand of flame (118)
 E - a wand of paralysis (36)
 G - a wand of mindburst (73)
 L - a wand of roots (54)
 O - a wand of digging (23)
 V - a wand of quicksilver (14)
Scrolls
 f - 20 scrolls of teleportation
 q - 12 scrolls of amnesia
 w - 16 scrolls of poison
 y - 12 scrolls of fog
 A - 3 scrolls of silence
 K - 11 scrolls of vulnerability
 M - 15 scrolls of enchant armour
 P - 9 scrolls of fear
 Q - 5 scrolls of magic mapping
 X - a scroll of summoning
 Z - 35 scrolls of enchant weapon
Potions
 d - 17 potions of might
 e - 8 potions of brilliance
 g - 4 potions of invisibility
 l - 10 potions of flight
 m - 7 potions of haste
 n - 10 potions of cancellation
 r - 8 potions of mutation
 z - 9 potions of lignification
 B - 15 potions of attraction
 D - 3 potions of ambrosia
 U - 27 potions of curing
 W - 25 potions of heal wounds
Miscellaneous
 H - 2 +1 figurines of a ziggurat


   Skills:
 + Level 22.0 Fighting
 - Level 20.5 Staves
 - Level 25.0 Throwing
 - Level 15.6 Armour
 - Level 20.4 Dodging
 - Level 2.0 Stealth
 O Level 27 Shields
 O Level 27 Spellcasting
 - Level 23.6 Conjurations
 - Level 21.9 Necromancy
 - Level 3.6 Translocations
 - Level 5.2 Transmutations
 - Level 23.2 Fire Magic
 O Level 27 Earth Magic
 - Level 17.0 Evocations


You had 5 spell levels left.
You knew the following spells:

 Your Spells              Type           Power      Damage    Failure   Level
a - Fire Storm            Conj/Fire      76%        8d19      1%          9
b - Necromutation         Tmut/Necr      64%        N/A       7%          8
e - Sublimation of Blood  Necr           100%       N/A       0%          2
f - Infestation           Necr           75%        N/A       1%          8
g - Dispel Undead         Necr           100%       3d31      0%          4
h - Orb of Destruction    Conj           64%        9d15      0%          7
i - Blink                 Tloc           100%       N/A       1%          2
k - Death Channel         Necr           75%        N/A       0%          6
l - Lee's Rapid Deconstr  Erth           80%        3d37*     0%          5
m - Shatter               Erth           80%        3d58*     1%          9
n - Iron Shot             Conj/Erth      78%        9d14      0%          6
p - Death's Door          Necr           75%        N/A       3%          9

Your spell library contained the following spells:

 Spells                   Type           Power      Damage    Failure   Level
 Foxfire                  Conj/Fire      100%       2x1d9     0%          1
 Magic Dart               Conj           100%       1d8       0%          1
 Necrotise                Necr           100%       1d9       0%          1
 Sandblast                Erth           100%       2d20      0%          1
 Shock                    Conj/Air       100%       1d9       0%          1
 Passwall                 Tmut/Erth      100%       N/A       0%          2
 Searing Ray              Conj           100%       2d8       0%          2
 Static Discharge         Conj/Air       100%       3-16/arc  0%          2
 Conjure Flame            Conj/Fire      100%       6-21      0%          3
 Dazzling Flash           Conj/Hex       100%       N/A       0%          3
 Inner Flame              Hex/Fire       100%       N/A       0%          3
 Stone Arrow              Conj/Erth      100%       3d13      0%          3
 Vampiric Draining        Necr           100%       2d13      0%          3
 Animate Armour           Summ/Erth      100%       N/A       0%          4
 Flame Wave               Conj/Fire      100%       2d21      0%          4
 Iskenderun's Mystic Bla  Conj/Tloc      100%       2d19      0%          4
 Leda's Liquefaction      Hex/Erth       64%        N/A       0%          4
 Petrify                  Tmut/Erth      100%       N/A       0%          4
 Sticky Flame             Conj/Fire      100%       2d11      0%          4
 Agony                    Necr           100%       N/A       0%          5
 Borgnjor's Vile Clutch   Necr/Erth      91%        N/A       0%          5
 Fireball                 Conj/Fire      76%        3d28      0%          5
 Iskenderun's Battlesphe  Conj           100%       2d15      0%          5
 Apportation              Tloc           100%       N/A       1%          1
 Beastly Appendage        Tmut           100%       N/A       1%          1
 Freeze                   Ice            100%       1d11      1%          1
 Sting                    Tmut/Pois      100%       1d8       1%          1
 Summon Small Mammal      Summ           100%       N/A       1%          1
 Call Imp                 Summ           53%        N/A       1%          2
 Ensorcelled Hibernation  Hex/Ice        100%       N/A       1%          2
 Poisonous Vapours        Pois/Air       100%       N/A       1%          2
 Wereblood                Tmut           78%        N/A       1%          2
 Call Canine Familiar     Summ           53%        N/A       1%          3
 Frozen Ramparts          Ice            100%       1d16      1%          3
 Gell's Gravitas          Tloc           71%        N/A       1%          3
 Ignite Poison            Fire/Tmut/Pois 100%       N/A       1%          3
 Lesser Beckoning         Tloc           71%        N/A       1%          3
 Mephitic Cloud           Conj/Pois/Air  88%        N/A       1%          3
 Ozocubu's Armour         Ice            53%        N/A       1%          3
 Portal Projectile        Hex/Tloc       100%       N/A       1%          3
 Spider Form              Tmut/Pois      67%        N/A       1%          3
 Summon Guardian Golem    Hex/Summ       53%        N/A       1%          3
 Swiftness                Air            53%        N/A       1%          3
 Teleport Other           Tloc           71%        N/A       1%          3
 Tukima's Dance           Hex            53%        N/A       1%          3
 Anguish                  Hex/Necr       60%        N/A       1%          4
 Fulminant Prism          Conj/Hex       50%        3d23      1%          4
 Hailstorm                Conj/Ice       100%       3d20      1%          4
 Ice Form                 Ice/Tmut       67%        N/A       1%          4
 Passage of Golubria      Tloc           71%        N/A       1%          4
 Blade Hands              Tmut           39%        N/A       1%          5
 Freezing Cloud           Conj/Ice/Air   44%        6-21      1%          5
 Irradiate                Conj/Tmut      54%        3d29      1%          5
 Lightning Bolt           Conj/Air       50%        1d71      1%          5
 Manifold Assault         Tloc           71%        N/A       1%          5
 Airstrike                Air            26%        2d(4-20)  2%          4
 Cause Fear               Hex            26%        N/A       2%          4
 Olgreb's Toxic Radiance  Pois           53%        N/A       2%          4
 Summon Ice Beast         Ice/Summ       53%        N/A       2%          4
 Summon Lightning Spire   Summ/Air       53%        N/A       2%          4
 Alistair's Intoxication  Tmut/Pois      44%        N/A       2%          5
 Yara's Violent Unravell  Hex/Tmut       33%        3d14      2%          5
 Summon Forest            Summ/Tloc      31%        N/A       3%          5
 Metabolic Englaciation   Hex/Ice        26%        N/A       8%          5
 Silence                  Hex/Air        26%        N/A       8%          5
 Summon Mana Viper        Hex/Summ       53%        N/A       8%          5
 Starburst                Conj/Fire      76%        6d20      0%          6
 Conjure Ball Lightning   Conj/Air       50%        3x3d17    1%          6
 Statue Form              Tmut/Erth      90%        N/A       1%          6
 Spellforged Servitor     Conj/Summ      50%        N/A       1%          7
 Borgnjor's Revivificati  Necr           75%        N/A       1%          8
 Ignition                 Fire           76%        3d20      1%          8
 Lehudib's Crystal Spear  Conj/Erth      78%        10d18     1%          8
 Haunt                    Necr/Summ      60%        N/A       2%          7
 Dispersal                Tloc           35%        N/A       10%         6
 Eringya's Noxious Bog    Tmut/Pois      33%        N/A       16%         6
 Dragon Form              Tmut           39%        N/A       28%         7
 Summon Cactus Giant      Summ           26%        N/A       41%         6
 Storm Form               Tmut/Air       33%        N/A       63%         7
 Malign Gateway           Summ/Tloc      31%        N/A       75%         7
 Chain Lightning          Conj/Air       50%        3d66      93%         9
 Enfeeble                 Hex            26%        N/A       94%         7
 Monstrous Menagerie      Summ           26%        N/A       94%         7
 Ozocubu's Refrigeration  Ice            26%        4d13      94%         7
 Summon Hydra             Summ           26%        N/A       94%         7
 Disjunction              Tloc           35%        N/A       99%         8
 Discord                  Hex            26%        N/A       100%        8
 Summon Horrible Things   Summ           26%        N/A       100%        8
 Dragon's Call            Summ           26%        N/A       100%        9
 Polar Vortex             Ice            26%        N/A       100%        9
 Animate Dead             Necr           Unusable   N/A       N/A         4
 Corpse Rot               Necr/Pois/Air  Unusable   N/A       N/A         4
 Simulacrum               Ice/Necr       Unusable   N/A       N/A         6

Dungeon Overview and Level Annotations

Branches:
Dungeon (15/15)            Temple (0/1) D:6            Lair (5/5) D:11
 Shoals (4/4) Lair:2        Snake (4/4) Lair:2        Slime (5/5) Lair:4
    Orc (2/2) D:12            Elf (3/3) Orc:2        Vaults (5/5) D:13
  Crypt (3/3) Vaults:2       Tomb (3/3) Crypt:3      Depths (4/4) D:15
   Hell (visited)             Dis (7/7) Hell            Geh (7/7) Hell
    Coc (7/7) Hell            Tar (7/7) Hell            Zot (5/5) Depths:4
  IceCv (visited)

Altars:
Ashenzari
Cheibriados
Dithmenos
Elyvilon
Gozag
Hepliaklqana
Kikubaaqudgha
Qazlal
Xom
Yredelemnul
Zin
The Shining One
Jiyva
Lugonu

Shops:
D:9 (**(   Orc:2 =([[   Elf:2 :   Shoals:2 !   Snake:1 *([[   Snake:3 =(=?
Vaults:2 [=   Tomb:2 *   Coc:1 [   Depths:3 (

Portals:
Hell: Depths:1 Depths:2 Depths:3 Depths:4
Abyss: Lair:5 Depths:1 Depths:3 Depths:4
Pandemonium: Depths:2 Depths:4
Trove: Elf:3 (give 5 scrolls of blinking)

Annotations:
Vaults:2 36 runed doors, Uteasum's ghost, adept FoFi
Depths:1 2 transporters, Poanarph's ghost, veteran GrVM
Coc:7 exclusion: ice statue


Innate Abilities, Weirdness & Mutations

You are an undead lich.
Your unarmed attacks are suffused with negative energy.
You are immune to unholy pain and torment.
Your necromantic spells are more powerful.
You cannot drink.
You are immune to poison.
Your mind is acute. (Int +4, Str/Dex -1)
You are robust. (+10% HP)
You expend magic power (3 MP) to strengthen your wands.


Message History

Aim: a hell beast (74% to hit)
You feel a surge of power!
The iron shot misses the hell beast.
The hell beast closely misses you. You block the hell beast's attack. x3
Unknown command.
The hell beast attacks as you move away!
You block the hell beast's attack. The hell beast completely misses you.
You radiate an aura of cold.
The hell beast seems to slow down.
You radiate an aura of cold.
The hell beast seems to slow down.
You block the hell beast's attack. x2
There is a staircase leading out of the dungeon here.
You miss the hell beast. The hell beast misses you.
You block the hell beast's attack.
You hit the hell beast but do no damage.
You shatter the hell beast!
The hell beast is lightly wounded.
You closely miss the hell beast.
The hell beast is lightly wounded.
You radiate an aura of cold.
The hell beast seems to slow down.
You block the hell beast's attack.
The hell beast tramples you but does no damage.
You hit the hell beast.
You shatter the hell beast.
The hell beast is moderately wounded.
Casting: Iron Shot (safe; 0% risk of failure)
Confirm with . or Enter, or press ? or * to list all spells.
Aiming: Iron Shot (safe; 0% risk of failure)
Press: ? - help, Shift-Dir - straight line, f/p - hell beast
Aim: a hell beast (moderately wounded, slow, 74% to hit)
You feel a surge of power!
The iron shot hits the hell beast!!!
The hell beast is almost dead.
You radiate an aura of cold.
The hell beast seems to slow down.
The hell beast completely misses you. The hell beast closely misses you.
Casting: Iron Shot (safe; 0% risk of failure)
Confirm with . or Enter, or press ? or * to list all spells.
Aiming: Iron Shot (safe; 0% risk of failure)
Press: ? - help, Shift-Dir - straight line, f/p - hell beast
Aim: a hell beast (almost dead, slow, 74% to hit)
You feel a surge of power!
The iron shot hits the hell beast!!!
You kill the hell beast!
Unknown command.
You have escaped!

##.###.##...###.######.....#.##
#...#.##...# #.#..........#...
###.#.....(#####...$.##...####
#.#.......###......##...#
#.#####...##...###......#
#.....##.......# ##....##
#.####.#......## ####.# #.#
#.##..$..# #.# #.# #.##..L###
#.# #.# #.###### #.# #.# #.#
##### ##.# #.# #.#######...#
#..# #.# #.........#.# #.## #.#
#########..)####.#
#.#############.##.##.######
#............#......[.......
############........>.######


There were no monsters in sight!

Vanquished Creatures
  Cerebov (Pan)
  Antaeus (Coc:7)
  Asmodeus (Geh:7)
  the Royal Jelly (Slime:5)
  Gloorx Vloq (Pan)
  Ereshkigal (Tar:7)
  Mnoleg (Pan)
  the Serpent of Hell (Geh:7)
  Lom Lobon (Pan)
  Dispater (Dis:7)
  15 dread liches
  10 ancient liches
  Mennas (Crypt:2)
  5 orbs of fire
  50 royal mummies
  10 juggernauts
  Boris (twice) (Vaults:4 Crypt:2)
  14 pandemonium lords
  15 Killer Klowns
  39 shard shrikes
  20 caustic shrikes
  Saint Roka (Orc:2)
  Vashnia (Snake:2)
  Xtahua (Vaults:4)
  Geryon (Hell)
  Nikola (Shoals:2)
  9 golden dragons
  The ghost of Vailuoroe the Devastator, a veteran GrEE of Lugonu (Crypt:2)
  16 bone dragons
  23 profane servitors
  8 doom hounds
  2 electric golems (Zot:5)
  A shard shrike zombie (Tomb:3)
  Jorgrun (Shoals:2)
  18 Brimstone Fiends
  17 Tzitzimimeh
  40 Ice Fiends
  26 Hell Sentinels
  9 iron giants
  Zenata (Vaults:1)
  Mlioglotl (Snake:1)
  15 hellephants
  A walking crystal tome (Depths:1)
  15 tentacled monstrosities
  23 tainted leviathans
  24 Orb Guardians (Zot:5)
  19 searing wretches
  8 liches
  A walking earthen tome (D:15)
  10 deep elf master archers
  A shard shrike skeleton (Tomb:3)
  2 walking frostbound tomes (D:15)
  Grunn (Depths:2)
  Polyphemus (Shoals:2)
  16 titans
  11 quicksilver dragons
  33 ancient champions
  6 deep elf blademasters
  Asterion (Depths:2)
  13 sphinxes
  34 acid blobs
  22 Executioners
  Gastronok (Lair:1)
  Frances (Snake:2)
  Agnes (Snake:2)
  6 tengu reavers
  7 death cobs
  13 tentacled starspawn
  Donald (Orc:2)
  13 draconian monks
  22 shadow dragons
  7 draconian knights
  22 azure jellies
  Ilsuiw (Shoals:3)
  18 storm dragons
  7 demonspawn warmongers (Pan)
  2 nagarajas
  16 rockslimes
  11 fire giants
  A fire giant (shapeshifter) (Zig:27)
  12 revenants
  9 deep elf sorcerers (Elf:3)
  3 frost giants (shapeshifter)
  30 narguns
  10 cacodemons
  12 frost giants
  9 iron dragons
  6 ghost moths
  Louise (Shoals:1)
  A spectral caustic shrike (Tar:3)
  8 quicksilver elementals
  2 emperor scorpions (Zig:11)
  10 vault wardens
  8 curse skulls
  4 draconian scorchers
  38 balrugs
  7 draconian shifters
  2 caustic shrike zombies
  Aizul (Snake:1)
  8 orc warlords
  2 angels
  9 shard shrike simulacra
  7 deep elf elementalists
  17 reapers
  2 spectral juggernauts
  7 demonspawn blood saints (Pan)
  3 spriggan defenders (Depths:3)
  12 ghouls
  8 demonspawn corrupters
  7 draconian stormcallers
  2 caustic shrike skeletons (Pan)
  16 quicksilver oozes
  13 stone giants
  A broodmother (Zig:11)
  13 very ugly things
  21 war gargoyles
  15 draconian annihilators
  5 ironbound thunderhulks
  10 ironbound preservers
  2 ophanim (Abyss:3)
  18 green draconians
  14 deep elf demonologists
  12 vampire knights
  8 bennus
  22 elemental wellsprings
  8 demonspawn black suns (Pan)
  21 lorocyprocas
  10 black draconians
  22 putrid mouths
  12 deep elf annihilators
  Azrael (Snake:1)
  7 dire elephants
  11 white draconians
  15 red draconians
  9 yellow draconians
  2 entropy weavers (Zig:11)
  2 spectral titans
  16 purple draconians
  13 eidola
  Snorg (Orc:1)
  10 ettins
  14 deep elf death magi
  36 wendigos
  15 blizzard demons
  7 iron golems
  The ghost of Rwicked the Basher, a journeyman GrFi of Elyvilon (Lair:4)
  A spectral kraken (Tar:7)
  4 spectral quicksilver dragons
  A crystal guardian (Vaults:4)
  12 green deaths (Pan)
  7 fire dragons
  11 merfolk javelineers
  Josephine (Orc:1)
  43 mummy priests
  The ghost of enotiy the Cleaver, a journeyman GrFi of Ashenzari (D:12)
  4 jiangshi (Crypt:3)
  10 great orbs of eyes
  A spectral elf (Tar:1)
  8 deep elf high priests
  A spriggan zombie (Zig:25)
  22 vault guards
  14 yaktaur captains
  8 merfolk impalers
  13 ice dragons
  11 caustic shrike simulacra
  A fenstrider witch zombie (Crypt:1)
  10 hell beasts
  8 rakshasas
  7 spectral spriggans
  5 juggernaut simulacra
  A peacekeeper (Vaults:4)
  A hydra (shapeshifter) (Vaults:5)
  3 spriggan air magi (Depths:3)
  5 boulder beetles
  9 salamander tyrants
  An alligator snapping turtle (shapeshifter) (Zig:15)
  9 ironbound frosthearts
  Erica (D:8)
  4 catoblepae
  4 two-headed ogres
  An ogre mage (D:13)
  6 spriggan skeletons
  An alligator snapping turtle (Shoals:4)
  18 hydras
  5 stokers
  10 centaur warriors
  A spectral stone giant (Tar:1)
  2 anacondas (shapeshifter)
  10 naga warriors
  3 death knights (Crypt:1)
  53 death scarabs
  9 merfolk aquamancers
  3 satyrs
  4 deep troll shamans
  11 anacondas
  5 tengu warriors
  40 dancing weapons
  30 hell hogs
  18 orc high priests
  10 vampire magi
  4 spriggan berserkers
  3 deep troll earth magi
  10 death yaks
  2 holy swine (Pan)
  A spectral storm dragon (Crypt:2)
  20 deep elf knights
  17 naga sharpshooters
  13 shock serpents
  10 crystal echidnas
  7 hell knights
  25 thrashing horrors
  9 iron trolls
  27 soul eaters
  74 sun demons
  A titan skeleton (Crypt:3)
  Sonja (Orc:1)
  23 wretched stars
  30 skeletal warriors
  9 shadow wraiths
  4 spatial maelstroms
  A spectral dire elephant (Tar:6)
  A pharaoh ant (Zig:11)
  26 sixfirhies
  7 salamander mystics
  A cherub (Pan)
  A spriggan rider (Depths:4)
  A bunyip zombie (Crypt:2)
  2 orb spiders (Zig:11)
  2 spectral anacondas
  5 quicksilver dragon simulacra
  2 storm dragon skeletons
  2 glowing orange brains (shapeshifter)
  2 iron trolls (shapeshifter)
  3 flayed ghosts
  7 orange crystal statues
  10 shadow demons
  A spriggan druid (Zig:21)
  A sun moth (Zig:11)
  2 kraken simulacra (Coc:7)
  An anaconda zombie (Hell)
  18 deep trolls
  62 starcursed masses
  17 sea snakes
  3 death drakes (Zig:17)
  A shadow dragon zombie (Zig:25)
  Pikel (D:8)
  9 spriggan simulacra
  9 glowing orange brains
  4 swamp dragons (Zig:17)
  8 obsidian statues
  22 wizards
  A golden dragon skeleton (Zig:25)
  5 naga ritualists
  A bunyip skeleton (Pan)
  7 necromancers
  26 deep elf zephyrmancers
  13 deep elf archers
  2 anaconda skeletons
  7 lindwurms
  13 mana vipers
  27 ugly things
  12 orc knights
  26 deep elf pyromancers
  A frost giant zombie (Depths:1)
  22 harpies
  25 phantasmal warriors
  10 ironbound convokers
  3 human zombies
  5 oklob plants (Lair:4)
  A fire giant zombie (Vaults:1)
  An iron dragon zombie (Zig:25)
  A wolf spider (Zig:11)
  10 fauns
  A faun (shapeshifter) (Depths:4)
  3 spectral ice dragons (Crypt:2)
  17 orc sorcerers
  13 salamanders
  A manticore (shapeshifter) (Zig:15)
  A will-o-the-wisp (Zig:26)
  11 shining eyes
  A shadow dragon skeleton (Crypt:1)
  A sphinx skeleton (Zig:25)
  A spectral centaur (Tar:2)
  2 wolf spiders (shapeshifter)
  4 worldbinders
  An iron dragon skeleton (Zig:25)
  37 moths of wrath
  21 cyclopes
  17 manticores
  2 elephants (shapeshifter)
  11 guardian serpents
  A human skeleton (Vaults:2)
  12 naga magi
  Joseph (D:9)
  A spectral fire dragon (Crypt:2)
  9 rust devils
  4 stone giant skeletons
  10 vault sentinels
  A centaur zombie (Tomb:3)
  44 black mambas
  10 merfolk sirens
  7 elephants
  A guardian serpent (shapeshifter) (Elf:2)
  14 water nymphs
  Maurice (Orc:1)
  5 torpor snails
  2 centaur skeletons
  2 storm dragon simulacra
  13 orange demons
  54 smoke demons
  3 eyes of devastation
  2 gargoyles
  2 titan simulacra
  9 apocalypse crabs
  2 spectral iron trolls (Crypt:3)
  2 dire elephant skeletons
  6 spectral swamp worms (Tar:7)
  10 ice statues
  4 molten gargoyles (Hell)
  An eye of devastation (shapeshifter) (D:13)
  17 cane toads
  2 kobold demonologists (Abyss:3)
  20 rime drakes
  10 demonic crawlers
  8 freezing wraiths
  A catoblepas zombie (Tomb:1)
  29 hellions
  2 unseen horrors
  2 bunyip simulacra
  45 hellwings
  2 spectral nagas
  25 yaktaurs
  27 tormentors
  15 ancient zymes
  2 spectral deep trolls (Crypt:3)
  7 ice devils
  3 iron giant simulacra
  2 anaconda simulacra
  19 komodo dragons
  2 purple draconian skeletons
  5 efreet
  A green draconian skeleton (Crypt:3)
  A sea snake skeleton (Hell)
  11 trolls
  52 large abominations
  72 guardian mummies
  A spectral harpy (Tar:4)
  4 red devils (Pan)
  4 hornets
  2 meliai (D:13)
  2 silent spectres
  2 harpy zombies
  4 harpy skeletons
  3 polar bears
  3 golden dragon simulacra
  An iron troll skeleton (Crypt:1)
  Prince Ribbit (D:6)
  2 tarantellas (Zig:11)
  12 raiju
  A sphinx simulacrum (Zig:25)
  85 slime creatures
  An ice dragon zombie (Crypt:1)
  38 merfolk
  5 hydra skeletons
  2 ettin zombies
  7 wind drakes
  16 blink frogs
  A blink frog (shapeshifter) (Vaults:5)
  13 dream sheep
  2 iron dragon simulacra
  A jumping spider (Zig:11)
  9 snapping turtles
  An alligator skeleton (Hell)
  18 small abominations
  4 spriggans
  3 air elementals
  2 centaur simulacra (Coc:2)
  49 flying skulls
  A stone giant simulacrum (Coc:2)
  Sigmund (D:3)
  26 ynoxinuls
  9 wyverns
  15 water elementals
  8 wraiths
  33 ushabtiu
  A satyr skeleton (Crypt:3)
  3 shadows
  5 fire bats
  56 yaks
  9 dire elephant simulacra
  8 fire elementals
  5 basilisks
  8 steam dragons
  3 death yak simulacra
  5 golden eyes
  16 neqoxecs
  3 redbacks (Zig:11)
  25 chaos spawn
  3 vampire mosquitoes
  2 sea snake simulacra (Hell)
  37 nagas
  13 wargs
  16 harpy simulacra
  2 hydra simulacra
  25 water moccasins
  A floating eye (shapeshifter) (Zig:18)
  11 hell hounds
  2 acid dragons
  A glowing shapeshifter skeleton (Depths:3)
  A two-headed ogre skeleton (Crypt:2)
  58 orc warriors
  3 swamp drakes (Zig:17)
  3 floating eyes
  2 sky beasts
  6 ettin simulacra
  5 black bears
  2 demonspawn skeletons
  A snapping turtle zombie (Crypt:2)
  4 ice beasts
  An alligator simulacrum (Hell)
  2 boggarts (Abyss:3)
  A black mamba simulacrum (Lair:5)
  24 ogres
  3 centaurs
  A wolf (shapeshifter) (Vaults:5)
  A blink frog skeleton (Crypt:1)
  A lindwurm skeleton (Crypt:2)
  16 wolves
  2 phantoms
  4 kobold brigands
  17 bullfrogs
  A scorpion (D:7)
  6 earth elementals
  A cane toad simulacrum (Lair:5)
  4 naga simulacra
  11 necrophages
  6 gnoll sergeants
  3 jellies
  3 wights (D:7)
  A water moccasin skeleton (Crypt:2)
  6 killer bees (D:10)
  A troll skeleton (Crypt:1)
  An elephant simulacrum (IceCv)
  3 dream sheep simulacra (Lair:5)
  3 electric eels
  6 howler monkeys
  A shapeshifter skeleton (Crypt:2)
  A wolf zombie (Crypt:2)
  4 crimson imps (Pan)
  A komodo dragon simulacrum (Lair:5)
  A human simulacrum (Vaults:1)
  A quasit (Abyss:2)
  A hound (D:4)
  25 orc priests
  Crazy Yiuf (D:3)
  5 iguanas
  32 orc wizards
  5 hell rats (Lair:2)
  An ogre zombie (Crypt:2)
  74 mummies
  Robin (D:3)
  18 gnolls
  5 adders
  An adder (shapeshifter) (Elf:2)
  A steam dragon skeleton (Crypt:3)
  A shadow imp (D:6)
  4 white imps
  5 ufetubi
  A lava snake zombie (Crypt:1)
  An adder skeleton (Crypt:1)
  3 worms
  4 dart slugs
  118 orcs
  6 bats
  5 endoplasms
  5 giant cockroaches
  21 goblins
  8 hobgoblins
  4 jackals (D:3)
  19 kobolds
  3 quokkas
  9 ball pythons
  A butterfly zombie (Crypt:2)
  8 frilled lizards
  A goblin zombie (Crypt:3)
  A hobgoblin skeleton (Crypt:1)
  A quokka zombie (Crypt:3)
  8 rats
  6 creeping infernos
  14 fire vortices
  A fungus (Lair:4)
  A lurking horror (Abyss:2)
  6 starspawn tentacles
  A tentacle (Tar:7)
4730 creatures vanquished.

Vanquished Creatures (collateral kills)
  A juggernaut (Zig:8)
  Boris (Depths:3)
  A golden dragon (Vaults:5)
  A profane servitor (Tar:7)
  2 Tzitzimimeh (Tar:1)
  A Brimstone Fiend (Pan)
  4 tentacled monstrosities
  An Ice Fiend (Pan)
  An Orb Guardian (Zot:5)
  A titan (Vaults:5)
  2 liches
  6 acid blobs
  2 quicksilver dragons (Vaults:5)
  An eldritch tentacle (Pan)
  A tentacled starspawn (Zig:5)
  An ancient champion (Vaults:2)
  4 tengu reavers
  A sphinx (Vaults:5)
  A nargun (Coc:7)
  A demonspawn warmonger (Pan)
  A storm dragon (Vaults:5)
  A fire giant (Depths:2)
  3 shadow dragons (Vaults:5)
  2 frost giants (Vaults:5)
  4 rockslimes (Slime:5)
  3 azure jellies (Slime:5)
  2 iron dragons (Vaults:5)
  9 cacodemons (Pan)
  A draconian knight (Zot:4)
  An orc warlord (Vaults:3)
  15 vault wardens
  A deep elf sorcerer (Elf:3)
  10 balrugs (Pan)
  A spriggan defender (Depths:3)
  2 deep elf elementalists (Elf:3)
  9 ironbound preservers
  A reaper (Pan)
  A draconian annihilator (Depths:4)
  3 war gargoyles
  3 ironbound thunderhulks
  A quicksilver ooze (Slime:5)
  A stone giant (shapeshifter) (Vaults:5)
  3 very ugly things
  6 stone giants
  2 demonspawn black suns (Pan)
  2 deep elf annihilators
  A deep elf demonologist (Elf:3)
  A dire elephant (Vaults:1)
  A black draconian (Zig:9)
  A purple draconian (Depths:4)
  A deep elf death mage (Vaults:5)
  2 fire dragons
  8 ettins
  4 yaktaur captains
  A merfolk impaler (Shoals:4)
  A hydra (D:14)
  8 vault guards
  3 rakshasas
  3 great orbs of eyes
  A boulder beetle (D:14)
  2 peacekeepers
  16 centaur warriors
  3 ice dragons (Depths:1)
  3 ironbound frosthearts
  2 ogre magi
  2 two-headed ogres (D:14)
  A merfolk avatar (Shoals:4)
  2 deep troll earth magi
  2 hell hogs (Depths:2)
  A dancing weapon (Depths:1)
  5 naga warriors
  2 vampire magi
  3 holy swine (Pan)
  2 naga sharpshooters (Snake:4)
  A spriggan berserker (Depths:1)
  An orc high priest (Elf:1)
  3 deep troll shamans
  2 soul eaters
  2 deep elf knights
  2 hell knights (Depths:1)
  3 shock serpents
  18 sun demons
  An iron troll (Depths:3)
  A death drake (shapeshifter) (Vaults:5)
  A skeletal warrior (D:15)
  2 sixfirhies (Pan)
  A shadow wraith (Zig:5)
  28 deep trolls
  A quicksilver dragon simulacrum (Coc:7)
  3 glowing orange brains
  A spriggan simulacrum (Coc:3)
  A flayed ghost (Depths:4)
  2 naga ritualists
  2 deep elf archers (Elf:3)
  2 lindwurms
  3 wizards
  3 harpies
  10 ironbound convokers
  4 deep elf zephyrmancers
  2 orc knights (Vaults:3)
  7 necromancers
  A phantasmal warrior (Vaults:5)
  A sphinx zombie (Vaults:2)
  4 deep elf pyromancers
  2 orc sorcerers
  4 mana vipers
  7 ugly things
  A cyclops (shapeshifter) (D:15)
  3 manticores
  A cyclops (D:15)
  13 slime creatures
  A shining eye (Slime:5)
  6 salamanders
  A fire giant skeleton (Vaults:2)
  2 rust devils (Pan)
  5 smoke demons
  A merfolk siren (Shoals:4)
  2 naga magi
  2 water nymphs (Shoals:4)
  6 black mambas
  10 vault sentinels
  12 orange demons (Pan)
  3 demonic crawlers (Pan)
  A hellion (Pan)
  3 efreet (Pan)
  A spriggan zombie (Depths:1)
  A freezing wraith (D:14)
  A tormentor (Pan)
  2 hellwings (Pan)
  A red devil (Pan)
  24 yaktaurs
  2 tengu conjurers (Depths:3)
  A meliai (D:13)
  2 trolls
  A hornet (Vaults:5)
  2 merfolk (Shoals:4)
  A snapping turtle (Shoals:4)
  A hydra skeleton (Pan)
  3 wind drakes (Shoals:4)
  A dream sheep (Shoals:4)
  3 ynoxinuls (Pan)
  2 dire elephant simulacra
  3 fire bats (Depths:1)
  A fire elemental (Elf:3)
  A golden eye (Slime:5)
  A golden eye (shapeshifter) (Vaults:5)
  7 chaos spawn (Pan)
  2 harpy simulacra
  15 neqoxecs (Pan)
  A warg (Vaults:5)
  9 large abominations (Pan)
  7 nagas
  A glowing shapeshifter zombie (Depths:1)
  2 acid dragons
  A glowing shapeshifter skeleton (Depths:3)
  4 orc warriors
  2 ogres
  3 centaurs (D:15)
  An earth elemental (Zig:7)
  A crimson imp (Pan)
  A boggart simulacrum (D:15)
  A gnoll (Zig:8)
516 creatures vanquished.

Vanquished Creatures (others)
  A vampire knight (Depths:2)
  An elemental wellspring (Coc:6)
  A spark wasp (Zig:11)
  A sixfirhy (Pan)
  A harpy (Shoals:4)
  A titan simulacrum (Coc:3)
  A smoke demon (Pan)
  An anaconda simulacrum (Coc:6)
  2 creeping infernos (Geh:6)
  4 demonic plants (Pan)
  203 fire vortices
  66 fungi
  97 plants
  6 starspawn tentacles
  3 tentacles (Tar:7)
389 creatures vanquished.

Grand Total: 5635 creatures vanquished

Notes
Turn   | Place    | Note
-------+----------+-------------------------------------------
     0 | D:1      | Pegasus the Human Conjurer began the quest for the Orb.
     0 | D:1      | Reached XP level 1. HP: 13/13 MP: 3/3
   150 | D:1      | Reached XP level 2. HP: 19/19 MP: 0/5
   186 | D:1      | Learned a level 2 spell: Searing Ray
   594 | D:1      | Reached XP level 3. HP: 24/24 MP: 7/7
  1462 | D:2      | Reached XP level 4. HP: 30/30 MP: 1/9
  1908 | D:3      | Noticed Sigmund
  1909 | D:3      | Noticed Robin
  2538 | D:3      | Killed Robin
  2539 | D:3      | Reached XP level 5. HP: 21/35 MP: 6/11
  2721 | D:3      | Reached skill level 5 in Conjurations
  2868 | D:3      | Found an opulent altar of Gozag.
  2875 | D:3      | Became a worshipper of Gozag Ym Sagoz the Greedy
  2945 | D:3      | Found a shadowy altar of Dithmenos.
  3085 | D:3      | Found a runed translucent door.
  3086 | D:3      | Noticed Crazy Yiuf
  3093 | D:3      | Killed Crazy Yiuf
  3104 | D:3      | Identified the +10 hammer of Darkness {vorpal, +Blink Int-4
                  | Dex+4}
  3177 | D:3      | Found a snail-covered altar of Cheibriados.
  3271 | D:3      | Reached XP level 6. HP: 32/41 MP: 4/12
  3363 | D:3      | Killed Sigmund
  3364 | D:3      | Reached XP level 7. HP: 40/46 MP: 1/13
  3475 | D:3      | Learned a level 3 spell: Mephitic Cloud
  3480 | D:3      | Learned a level 4 spell: Iskenderun's Mystic Blast
  3721 | D:4      | Reached skill level 1 in Translocations
  3932 | D:4      | Found a broken altar of Ashenzari.
  4795 | D:4      | Reached skill level 5 in Spellcasting
  4795 | D:4      | Reached XP level 8. HP: 52/52 MP: 4/15
  5028 | D:4      | Identified a scroll of acquirement
  5028 | D:4      | Acquired a staff of conjuration
  5558 | D:4      | Found a shimmering altar of Xom.
  5558 | D:4      | Noticed an angel
  5559 | D:4      | Found a glowing silver altar of Zin.
  5710 | D:5      | Entered Level 5 of the Dungeon
  6085 | D:5      | Learned a level 2 spell: Sublimation of Blood
  6582 | D:6      | Reached XP level 9. HP: 57/57 MP: 15/20
  6646 | D:6      | Found a staircase to the Ecumenical Temple.
  6845 | D:6      | Noticed Prince Ribbit
  6853 | D:6      | Killed Prince Ribbit
  7577 | D:6      | Reached skill level 10 in Spellcasting
  8172 | D:7      | Reached XP level 10. HP: 34/63 MP: 17/24
  9317 | D:8      | Reached skill level 10 in Conjurations
  9417 | D:8      | Found a white marble altar of Elyvilon.
  9422 | D:8      | Noticed Pikel
  9426 | D:8      | Killed Pikel
  9495 | D:8      | You fall into a shaft and drop 3 floors!
  9618 | D:11     | Killed an unseen horror
  9710 | D:11     | Reached skill level 5 in Dodging
  9939 | D:11     | Reached XP level 11. HP: 68/68 MP: 10/25
 10222 | D:10     | Entered Level 10 of the Dungeon
 10288 | D:9      | Found Zits's Weapon Boutique.
 10299 | D:9      | Found Gukootza's Assorted Antiques.
 10327 | D:9      | Bought a heavily runed tin ring for 175 gold pieces
 10327 | D:9      | Identified the ring of Feffoyte {EV+4 Slay+6} (You bought
                  | it in a shop on level 9 of the Dungeon)
 10334 | D:9      | Learned a level 4 spell: Anguish
 10530 | D:8      | Noticed Erica
 10536 | D:8      | Killed Erica
 10720 | D:9      | Noticed Joseph
 11005 | D:9      | Killed Joseph
 11263 | D:9      | Found Duloelitt's Antique Weapon Shoppe.
 11415 | D:9      | Found Igua's General Store.
 11471 | D:9      | Bought a scroll of teleportation for 33 gold pieces
 11559 | D:9      | Found a glowing golden altar of the Shining One.
 11941 | D:10     | Found a hazy altar of Hepliaklqana.
 12115 | D:10     | Reached skill level 10 in Dodging
 12213 | D:10     | Reached skill level 1 in Necromancy
 12621 | D:11     | Noticed a two-headed ogre
 12628 | D:11     | Killed a two-headed ogre
 12768 | D:11     | Noticed a cyclops
 12776 | D:11     | Killed a cyclops
 12779 | D:11     | Reached skill level 5 in Necromancy
 12779 | D:11     | Reached XP level 12. HP: 67/74 MP: 6/26
 12946 | D:11     | Found a staircase to the Lair.
 13516 | D:12     | Noticed a six-headed hydra
 13533 | D:12     | Killed a six-headed hydra
 13829 | D:12     | Noticed an eight-headed hydra
 13838 | D:12     | Killed an eight-headed hydra
 14191 | D:12     | Found a large runed translucent door.
 14191 | D:12     | Found a large runed translucent door.
 14192 | D:12     | Noticed enotiy's ghost (journeyman GrFi)
 14202 | D:12     | Noticed an eight-headed hydra
 14649 | D:12     | Killed an eight-headed hydra
 15137 | D:12     | Found a staircase to the Orcish Mines.
 15660 | D:12     | Killed enotiy's ghost
 15661 | D:12     | Reached XP level 13. HP: 51/79 MP: 4/29
 15821 | Lair:1   | Entered Level 1 of the Lair of Beasts
 16349 | Lair:1   | Noticed a catoblepas
 16535 | Lair:1   | Noticed Gastronok
 16549 | Lair:1   | Killed Gastronok
 16915 | Lair:1   | Killed a catoblepas
 17490 | Lair:2   | Noticed a four-headed hydra
 17800 | Lair:2   | Found a staircase to the Snake Pit.
 18364 | Lair:2   | Found a staircase to the Shoals.
 18743 | Lair:2   | Killed a four-headed hydra
 18849 | Lair:2   | Found the +10 morningstar "Eos" {elec, Halo rElec}
 19089 | Lair:2   | Noticed a five-headed hydra
 19098 | Lair:2   | Killed a five-headed hydra
 19099 | Lair:2   | Reached skill level 15 in Spellcasting
 19323 | Lair:3   | Reached skill level 1 in Fighting
 19891 | Lair:3   | Noticed a four-headed hydra
 19899 | Lair:3   | Killed a four-headed hydra
 20275 | Lair:3   | Reached XP level 14. HP: 90/96 MP: 24/33
 20725 | Lair:4   | Reached skill level 5 in Fighting
 20892 | Lair:4   | Found a frozen archway.
 20978 | IceCv    | Entered an ice cave
 21156 | IceCv    | Found a transporter.
 21176 | IceCv    | Found a transporter.
 21454 | Lair:4   | Reached skill level 1 in Staves
 21955 | Lair:4   | Found a staircase to the Slime Pits.
 22761 | Lair:5   | Entered Level 5 of the Lair of Beasts
 22767 | Lair:5   | Reached skill level 5 in Staves
 23371 | Lair:5   | Noticed Rwicked's ghost (journeyman GrFi)
 23393 | Lair:5   | Found a runed translucent gate.
 23393 | Lair:5   | Found a runed translucent gate.
 23393 | Lair:5   | Found a runed translucent gate.
 24731 | Lair:5   | Reached XP level 15. HP: 93/108 MP: 26/34
 25707 | Lair:5   | Found a corrupted altar of Lugonu.
 25707 | Lair:5   | Found a one-way gate to the infinite horrors of the Abyss.
 26828 | Orc:1    | Entered Level 1 of the Orcish Mines
 26957 | Orc:1    | Reached skill level 1 in Shields
 27101 | Orc:1    | Noticed Sonja
 27109 | Orc:1    | Killed Sonja
 27114 | Orc:1    | Noticed Snorg
 27129 | Orc:1    | Killed Snorg
 27643 | Orc:1    | Reached skill level 5 in Shields
 27973 | Orc:1    | Noticed Maurice
 27977 | Orc:1    | Killed Maurice
 28059 | Orc:1    | Noticed a stone giant
 28076 | Orc:1    | Killed a stone giant
 28227 | Orc:1    | Identified the +3 spear of Mueq {vorpal, rC+ Stlth+}
 28229 | Orc:1    | Identified the +6 great mace of the Breathing Pill Bug
                  | {flame, rPois}
 28230 | Orc:1    | Identified the +9 spear "Beastslayer" {venom, rCorr}
 28231 | Orc:1    | Identified the +5 halberd "Qelablih" {chaos, Contam rPois
                  | rC+}
 28232 | Orc:1    | Identified the +8 broad axe of Detir {flame, rCorr Dex+6}
 28612 | Orc:1    | Noticed Josephine
 28621 | Orc:1    | Killed Josephine
 29088 | Orc:2    | Entered Level 2 of the Orcish Mines
 29252 | Orc:2    | Found a staircase to the Elven Halls.
 29520 | Orc:2    | Found Pejivveshrem's Jewellery Boutique.
 29539 | Orc:2    | Noticed Donald
 29587 | Orc:2    | Killed Donald
 29588 | Orc:2    | Reached XP level 16. HP: 98/115 MP: 12/35
 30087 | Orc:2    | Bought a +4 ring of protection for 396 gold pieces
 30449 | Orc:2    | Noticed Saint Roka
 30672 | Orc:2    | Killed Saint Roka
 30673 | Orc:2    | Reached skill level 10 in Shields
 30790 | Orc:2    | Found Fitso's Antique Armour Shoppe.
 30792 | Orc:2    | Found Giev's Antique Weapon Emporium.
 31020 | Orc:2    | Found Lekanin's Antique Armour Shop.
 31721 | Lair:5   | Learned a level 4 spell: Dispel Undead
 31723 | Lair:4   | Killed Rwicked's ghost
 31958 | Lair:5   | Identified the ring of Husma {Fire rElec Str-3 Dex+7 SInv}
 32071 | Snake:1  | Entered Level 1 of the Snake Pit
 32071 | Snake:1  | Found a gateway to a bazaar.
 32076 | Bazaar   | Entered a bazaar
 32107 | Bazaar   | Found Keast's Jewellery Shoppe.
 32113 | Bazaar   | Bought the ring of Tebakot {EV+4 Int+6} for 945 gold pieces
 32154 | Bazaar   | Found Ysifoo Ugycw's Assorted Antiques.
 32168 | Bazaar   | Found Dyuxugru's Book Shoppe.
 32176 | Bazaar   | Bought a book of Unlife for 468 gold pieces
 32176 | Bazaar   | Bought a book of Death for 572 gold pieces
 32195 | Bazaar   | Found Tutizel's Book Boutique.
 32199 | Bazaar   | Bought a Necronomicon for 616 gold pieces
 32199 | Bazaar   | Bought a book of Spatial Translocations for 286 gold pieces
 32199 | Bazaar   | Bought a book of the Spheres for 594 gold pieces
 32207 | Bazaar   | Learned a level 7 spell: Orb of Destruction
 32210 | Bazaar   | Learned a level 2 spell: Blink
 32216 | Bazaar   | Learned a level 5 spell: Borgnjor's Vile Clutch
 32260 | Snake:1  | Reached skill level 1 in Earth Magic
 32830 | Snake:1  | Noticed Aizul
 32851 | Snake:1  | Killed Aizul
 33015 | Snake:1  | Identified the +1 robe "Wagisor" {Str+10 Dex-4}
 33058 | Snake:1  | Found Xocug's Armour Shop.
 33230 | Snake:1  | Noticed Azrael
 33570 | Snake:1  | Reached skill level 5 in Earth Magic
 33665 | Snake:1  | Found Omaliema's Antique Weapon Boutique.
 33726 | Snake:1  | Found Jiraipp's General Store.
 33735 | Snake:1  | Bought a book of the Earth for 576 gold pieces
 33865 | Snake:1  | Found Okucis's Antique Armour Shop.
 34011 | Snake:1  | Killed Azrael
 34119 | Snake:1  | Noticed Mlioglotl
 34132 | Snake:1  | Killed Mlioglotl
 34383 | Snake:2  | Noticed Vashnia
 34647 | Snake:2  | Noticed Frances
 34658 | Snake:2  | Reached XP level 17. HP: 82/120 MP: 18/36
 34832 | Snake:2  | Identified the +1 plate armour of Gallantry {Slay+2}
 34937 | Snake:2  | Reached skill level 10 in Necromancy
 35286 | Snake:2  | Noticed Agnes
 35394 | Shoals:1 | Entered Level 1 of the Shoals
 35831 | Shoals:1 | Learned a level 6 spell: Death Channel
 36056 | Shoals:1 | Noticed Louise
 36082 | Shoals:1 | Killed Louise
 36935 | Shoals:2 | Noticed Polyphemus
 37014 | Shoals:2 | Noticed Nikola
 37027 | Shoals:2 | Noticed Jorgrun
 37752 | Shoals:2 | Killed Polyphemus
 38312 | Shoals:2 | Found Kabbin's Distillery.
 38559 | Shoals:2 | Bought a potion of magic for 120 gold pieces
 38559 | Shoals:2 | Bought a potion of curing for 45 gold pieces
 38640 | Shoals:2 | Killed Nikola
 38766 | Shoals:2 | Killed Jorgrun
 38983 | Shoals:2 | Reached skill level 10 in Earth Magic
 39436 | Shoals:3 | Learned a level 5 spell: Lee's Rapid Deconstruction
 39460 | Shoals:3 | Reached XP level 18. HP: 48/127 MP: 8/37
 39460 | Shoals:3 | Noticed Ilsuiw
 40529 | Shoals:3 | Killed Ilsuiw
 40885 | Shoals:4 | Entered Level 4 of the Shoals
 42317 | Shoals:4 | Got a barnacled rune of Zot
 42563 | Shoals:4 | Identified the ring of Siamuel {Fly Dex+6}
 42857 | Snake:2  | Killed Frances
 42954 | Snake:2  | Killed Agnes
 43620 | Snake:2  | Killed Vashnia
 44181 | Snake:3  | Reached XP level 19. HP: 130/132 MP: 17/38
 44408 | Snake:3  | Identified the +0 leather armour of Prudence {Dex+2}
 44593 | Snake:3  | Reached skill level 15 in Necromancy
 45078 | Snake:3  | Found Irghojuim's Antique Weapon Shop.
 45081 | Snake:3  | Found Asoast's Magic Scroll Boutique.
 45081 | Snake:3  | Found Gylec's Jewellery Shop.
 45084 | Snake:3  | Found Abbafukh's Jewellery Boutique.
 45089 | Snake:3  | Bought a scroll of fog for 80 gold pieces
 45089 | Snake:3  | Bought a scroll of teleportation for 60 gold pieces
 45095 | Snake:3  | Bought the amulet of Pobbal {rC+++ rN++ Regen+} for 907
                  | gold pieces
 45688 | Snake:4  | Entered Level 4 of the Snake Pit
 47692 | Snake:4  | Got a serpentine rune of Zot
 48258 | Elf:1    | Entered Level 1 of the Elven Halls
 48822 | Elf:1    | Reached skill level 15 in Earth Magic
 48995 | Elf:1    | Reached XP level 20. HP: 139/139 MP: 9/39
 49693 | Elf:2    | Found Ciub's Book Shoppe.
 49995 | Elf:2    | Found a runed translucent gate.
 49995 | Elf:2    | Found a runed translucent gate.
 49995 | Elf:2    | Found a runed translucent gate.
 51421 | Elf:3    | Entered Level 3 of the Elven Halls
 51643 | Elf:3    | Found a portal to a secret trove of treasure.
 52201 | Elf:3    | Identified the +8 dagger "Feaj" {vorpal, Dex+4 Stlth+}
 52280 | Elf:3    | Identified the ring "Piher" {rN+ Will+ Str+4}
 52468 | Elf:3    | Reached XP level 21. HP: 75/144 MP: 4/40
 52480 | Elf:3    | Noticed a Tzitzimitl
 52999 | Elf:3    | Learned a level 8 spell: Infestation
 53090 | Elf:3    | Identified the +0 chain mail of Floral Salvation {Will+}
                  | (You took it off an orc on level 3 of the Elven Halls)
 53155 | Elf:3    | Identified the +8 trident "Zaxutifu" {vorpal, rCorr}
 53342 | Elf:3    | Identified the +4 scale mail "Ojefatui" {Int+6}
 53496 | Elf:3    | Identified the +3 helmet of Fallacy {rPois rN+ rCorr
                  | Slay+3}
 54218 | D:13     | Acquired the +2 pair of boots of Xuelubb {Regen+ Int+3
                  | Dex+3}
 54329 | D:13     | Identified the +8 glaive "Giantslayer" {antimagic, rElec
                  | Int+3 Dex-3 SInv}
 54336 | D:13     | Found the +2 shield of Resistance {rF++ rC++ Will++}
 54675 | D:13     | Found a gate to the Vaults.
 56555 | D:15     | Entered Level 15 of the Dungeon
 56759 | D:15     | Found a stormy altar of Qazlal.
 57313 | D:15     | Found a staircase to the Depths.
 57515 | Vaults:1 | Entered Level 1 of the Vaults
 57786 | Vaults:1 | Noticed Zenata
 57803 | Vaults:1 | Killed Zenata
 58064 | Vaults:1 | Reached XP level 22. HP: 151/151 MP: 26/41
 60021 | Vaults:2 | Found a staircase to the Crypt.
 60189 | Vaults:2 | Found a huge runed gate.
 60189 | Vaults:2 | Found a huge runed gate.
 60189 | Vaults:2 | Found a huge runed gate.
 60189 | Vaults:2 | Found a huge runed gate.
 60189 | Vaults:2 | Found a huge runed gate.
 60189 | Vaults:2 | Found a huge runed gate.
 60189 | Vaults:2 | Found a huge runed gate.
 60190 | Vaults:2 | Found a huge runed gate.
 60190 | Vaults:2 | Found a huge runed gate.
 60190 | Vaults:2 | Found a huge runed gate.
 60194 | Vaults:2 | Found a huge runed gate.
 60194 | Vaults:2 | Found a huge runed gate.
 60194 | Vaults:2 | Found a huge runed gate.
 60194 | Vaults:2 | Found a huge runed gate.
 60194 | Vaults:2 | Found a huge runed gate.
 60194 | Vaults:2 | Found a huge runed gate.
 60195 | Vaults:2 | Found a huge runed gate.
 60196 | Vaults:2 | Found a huge runed gate.
 60197 | Vaults:2 | Found a huge runed gate.
 60205 | Vaults:2 | Found a huge runed gate.
 60205 | Vaults:2 | Found a huge runed gate.
 60205 | Vaults:2 | Found a huge runed gate.
 60205 | Vaults:2 | Found a huge runed gate.
 60205 | Vaults:2 | Found a huge runed gate.
 60205 | Vaults:2 | Found a huge runed gate.
 60206 | Vaults:2 | Found a huge runed gate.
 60207 | Vaults:2 | Found a huge runed gate.
 60208 | Vaults:2 | Found a huge runed gate.
 60216 | Vaults:2 | Found a huge runed gate.
 60216 | Vaults:2 | Found a huge runed gate.
 60216 | Vaults:2 | Found a huge runed gate.
 60216 | Vaults:2 | Found a huge runed gate.
 60216 | Vaults:2 | Found a huge runed gate.
 60216 | Vaults:2 | Found a huge runed gate.
 60217 | Vaults:2 | Found a huge runed gate.
 60218 | Vaults:2 | Found a huge runed gate.
 61222 | Vaults:2 | You fall into a shaft and drop 1 floor!
 61468 | Vaults:3 | Reached XP level 23. HP: 156/156 MP: 26/42
 62053 | Vaults:2 | Found a runed translucent gate.
 62054 | Vaults:2 | Found a runed translucent gate.
 62054 | Vaults:2 | Found a runed translucent gate.
 62571 | Vaults:2 | Found Wigymuus's Jewellery Emporium.
 62583 | Vaults:2 | Found Qazeuf's Armour Boutique.
 62857 | Vaults:2 | Noticed Uteasum's ghost (adept FoFi)
 64281 | Vaults:3 | Paralysed by a great orb of eyes for 5 turns
 65297 | Vaults:4 | Noticed Boris
 65305 | Vaults:4 | Killed Boris
 66805 | Vaults:4 | Reached XP level 24. HP: 162/163 MP: 43/43
 67073 | Vaults:4 | Noticed Xtahua
 67086 | Vaults:4 | Killed Xtahua
 68213 | Depths:1 | Entered Level 1 of the Depths
 68808 | Depths:1 | Found a one-way gateway to a ziggurat.
 68916 | Depths:1 | Found a transporter.
 68925 | Depths:1 | Found a transporter.
 68949 | Depths:1 | Noticed Poanarph's ghost (veteran GrVM)
 69094 | Depths:1 | Found a gateway to Hell.
 69240 | Depths:1 | Identified the +9 double sword of the Apocalypse {venom,
                  | Int+4}
 69868 | Depths:2 | Noticed Asterion
 69874 | Depths:2 | Killed Asterion
 69881 | Depths:2 | Noticed Grunn
 69885 | Depths:2 | Killed Grunn
 71166 | Depths:2 | Found a one-way gate leading to the halls of Pandemonium.
 71445 | Depths:3 | Acquired 897 gold pieces
 71674 | Depths:3 | Found Givvum Agox's Antique Weapon Shop.
 71786 | Depths:3 | Noticed a golden dragon
 71789 | Depths:3 | Killed a golden dragon
 71994 | Depths:3 | Found a hazy altar of Hepliaklqana.
 72246 | Depths:3 | Reached XP level 25. HP: 168/168 MP: 32/46
 72248 | Depths:3 | Noticed Boris
 72379 | Depths:3 | Killed Boris
 72848 | Depths:3 | Noticed a caustic shrike
 72865 | Depths:3 | Killed a caustic shrike
 73180 | Depths:3 | Found the +9 heavy crossbow "Sniper" {vorpal, Acc+∞ SInv}
 73316 | Depths:4 | Entered Level 4 of the Depths
 73517 | Depths:4 | Noticed a juggernaut
 73528 | Depths:4 | Killed a juggernaut
 74110 | Depths:4 | Found a gate to the Realm of Zot.
 74895 | Depths:4 | Paralysed by a floating eye for 2 turns
 75113 | Depths:4 | Learned a level 9 spell: Shatter
 75458 | Vaults:4 | Reached XP level 26. HP: 175/175 MP: 48/48
 75459 | Vaults:4 | Reached XP level 27. HP: 180/180 MP: 48/48
 75463 | Vaults:5 | Entered Level 5 of the Vaults
 75912 | Vaults:5 | Identified the +7 broad axe of Ytodd {freeze, rF+ rN+
                  | Dex-4}
 75943 | Vaults:5 | Paralysed by a sphinx for 3 turns
 75949 | Vaults:5 | Noticed an ancient lich
 75959 | Vaults:5 | Killed an ancient lich
 75992 | Vaults:5 | Identified the +2 quarterstaff of Dithmenos's Respect
                  | {flame, rF+ Int+2}
 76452 | Vaults:5 | Identified the +5 quarterstaff of Kismet {venom, rF+ rC++
                  | rN+ Dex-5}
 76452 | Vaults:5 | Identified the ring "Ycuiw" {rElec Str+2 Dex+6}
 76940 | Vaults:5 | Identified the ring of Xics {*Corrode rPois Will+ EV+4
                  | Stlth+}
 76961 | Vaults:5 | Identified the +5 scimitar of Pestilence {vorpal, Stlth+}
 77103 | Vaults:5 | Got the Handbook of the Spellbinding Zephyr
 77478 | Vaults:5 | Got a silver rune of Zot
 77620 | Vaults:5 | Got the Omnibus of Snowy Kindling
 78139 | Zig:1    | Entered Level 1 of a ziggurat
 78171 | Zig:2    | Entered Level 2 of a ziggurat
 78252 | Zig:3    | Entered Level 3 of a ziggurat
 78272 | Zig:3    | Identified the +10 scimitar "Killer Bee's Doom" {vorpal,
                  | rElec rPois}
 78320 | Zig:4    | Entered Level 4 of a ziggurat
 78344 | Zig:4    | Identified the ring "Qouzezao" {rF+ Dex+4}
 78395 | Zig:5    | Entered Level 5 of a ziggurat
 78421 | Zig:5    | Identified the +10 war axe "Peemin" {flame, Drain rC+
                  | Dex+2}
 78472 | Zig:6    | Entered Level 6 of a ziggurat
 78573 | Zig:6    | Identified the +3 pair of boots of the Growing Gods {rN+
                  | rCorr}
 78591 | Zig:7    | Entered Level 7 of a ziggurat
 78608 | Zig:7    | Got the Volume of Metamorphosis and the Squall
 78625 | Zig:7    | Identified the +8 flail "Jyiq" {vorpal, rC+ Will+}
 78667 | Zig:8    | Entered Level 8 of a ziggurat
 78673 | Zig:8    | Noticed a juggernaut
 78676 | Zig:8    | Killed a juggernaut
 78677 | Zig:8    | Noticed a juggernaut
 78683 | Zig:8    | Killed a juggernaut
 78802 | Zig:9    | Entered Level 9 of a ziggurat
 78930 | Zig:10   | Entered Level 10 of a ziggurat
 79033 | Zig:11   | Entered Level 11 of a ziggurat
 79079 | Zig:11   | Identified the +1 leather armour of the Kangaroo {Str+4}
 79089 | Zig:11   | Got the Verses on Flamy Peregrination
 79112 | Zig:12   | Entered Level 12 of a ziggurat
 79120 | Zig:12   | Noticed a shard shrike
 79120 | Zig:12   | Noticed a shard shrike
 79121 | Zig:12   | Noticed a shard shrike
 79122 | Zig:12   | Killed a shard shrike
 79123 | Zig:12   | Killed a shard shrike
 79124 | Zig:12   | Killed a shard shrike
 79325 | Zig:12   | Got the Commentary on Nocuous Clay
 79332 | Zig:12   | Got the Catalogue of the Hindering Crypt
 79333 | Zig:12   | Identified the +11 arbalest of the Penguin {freeze, rN+
                  | rCorr Int+4}
 79339 | Zig:13   | Entered Level 13 of a ziggurat
 79344 | Zig:13   | Reached skill level 27 in Earth Magic
 79361 | Zig:13   | Gained mutation: You occasionally shout uncontrollably at
                  | your foes. [a shining eye]
 79548 | Zig:13   | Identified the +4 chain mail of Cheibriados's Regard {rF+}
 79553 | Zig:13   | Identified the ring of Ellaos {+Blink Will++ Int+6 Slay-3}
 79584 | Zig:14   | Entered Level 14 of a ziggurat
 79591 | Zig:14   | Noticed a juggernaut
 79595 | Zig:14   | Killed a juggernaut
 79721 | Zig:14   | Identified the +0 swamp dragon scales of Okawaru's
                  | Vengeance {rPois rC- Str+4}
 79725 | Zig:14   | Identified the +2 chain mail "Gugingiate" {Str+3}
 79729 | Zig:14   | Identified the ring of Tomob {rElec rF- rCorr Str-3 Slay+4}
 79731 | Zig:14   | Acquired 815 gold pieces
 79747 | Zig:15   | Entered Level 15 of a ziggurat
 79757 | Zig:15   | Noticed Ytzeleo the pandemonium lord
 79757 | Zig:15   | Noticed a Killer Klown
 79757 | Zig:15   | Noticed Immugh the pandemonium lord
 79758 | Zig:15   | Noticed Wyrify the pandemonium lord
 79758 | Zig:15   | Noticed Ucloz the pandemonium lord
 79759 | Zig:15   | Reached skill level 15 in Dodging
 79759 | Zig:15   | Killed a Killer Klown
 79759 | Zig:15   | Killed Ytzeleo the pandemonium lord
 79759 | Zig:15   | Noticed Catruugh the pandemonium lord
 79760 | Zig:15   | Killed Wyrify the pandemonium lord
 79760 | Zig:15   | Noticed Jutat the pandemonium lord
 79796 | Zig:16   | Entered Level 16 of a ziggurat
 80052 | Zig:16   | Identified the +9 quarterstaff of Ufodet {vorpal, *Slow
                  | Str+7}
 80093 | Zig:16   | Learned a level 9 spell: Death's Door
 80097 | Zig:17   | Entered Level 17 of a ziggurat
 80350 | Zig:17   | Identified the ring "Deut" {rCorr AC+4 Str+4 Dex+3}
 80360 | Zig:17   | Identified the +4 sling "Gosomp" {venom, rPois Str+3 Dex-3}
 80365 | Zig:17   | Identified the +7 morningstar "Sumuag" {venom, Int+2}
 80386 | Zig:18   | Entered Level 18 of a ziggurat
 80393 | Zig:18   | Noticed an ancient lich
 80394 | Zig:18   | Killed an ancient lich
 80394 | Zig:18   | Noticed a dread lich
 80397 | Zig:18   | Killed a dread lich
 80399 | Zig:18   | Noticed a dread lich
 80400 | Zig:18   | Noticed an ancient lich
 80401 | Zig:18   | Killed a dread lich
 80402 | Zig:18   | Killed an ancient lich
 80405 | Zig:18   | Noticed a dread lich
 80405 | Zig:18   | Killed a dread lich
 80407 | Zig:18   | Noticed a dread lich
 80408 | Zig:18   | Killed a dread lich
 80544 | Zig:18   | Identified the +1 morningstar of Resumed Hostilities {holy,
                  | +Blink Int+3 Dex+7}
 80560 | Zig:18   | Identified the +8 whip of Nauhe {freeze, rN+}
 80565 | Zig:18   | Identified the +8 mace of the Dove {pain, rElec rPois rN+++
                  | Dex-5}
 80575 | Zig:19   | Entered Level 19 of a ziggurat
 80588 | Zig:19   | Gained mutation: You are frail. (-10% HP) [a shining eye]
 80827 | Zig:19   | Lost mutation: You occasionally shout uncontrollably at
                  | your foes. [potion of mutation]
 80827 | Zig:19   | Lost mutation: You are frail. (-10% HP) [potion of
                  | mutation]
 80827 | Zig:19   | Gained mutation: Armour fits poorly on your strangely
                  | shaped body. [potion of mutation]
 80827 | Zig:19   | Gained mutation: You have a pair of small horns on your
                  | head. [potion of mutation]
 80827 | Zig:19   | Gained mutation: You have a pair of horns on your head.
                  | [potion of mutation]
 80828 | Zig:19   | Lost mutation: You have a pair of horns on your head.
                  | [potion of mutation]
 80828 | Zig:19   | Lost mutation: You have a pair of small horns on your head.
                  | [potion of mutation]
 80828 | Zig:19   | Gained mutation: You are robust. (+10% HP) [potion of
                  | mutation]
 80852 | Zig:19   | Got the Precepts of the Iceberg and Earth
 80867 | Zig:19   | Lost mutation: Armour fits poorly on your strangely shaped
                  | body. [potion of mutation]
 80867 | Zig:19   | Lost mutation: You are robust. (+10% HP) [potion of
                  | mutation]
 80867 | Zig:19   | Gained mutation: You have a pair of small horns on your
                  | head. [potion of mutation]
 80867 | Zig:19   | Gained mutation: Your muscles are strong. (Str +4, Int/Dex
                  | -1) [potion of mutation]
 80868 | Zig:19   | Lost mutation: You have a pair of small horns on your head.
                  | [potion of mutation]
 80868 | Zig:19   | Lost mutation: Your muscles are strong. (Str +4, Int/Dex
                  | -1) [potion of mutation]
 80868 | Zig:19   | Gained mutation: You are dopey. (Int -2) [potion of
                  | mutation]
 80868 | Zig:19   | Lost mutation: You are dopey. (Int -2) [potion of mutation]
 80868 | Zig:19   | Gained mutation: You are weak. (Str -2) [potion of
                  | mutation]
 80868 | Zig:19   | Gained mutation: You are partially covered in iridescent
                  | scales. (AC +2) [potion of mutation]
 80896 | Zig:20   | Entered Level 20 of a ziggurat
 80908 | Zig:20   | Noticed a juggernaut
 80908 | Zig:20   | Noticed a juggernaut
 80909 | Zig:20   | Noticed a juggernaut
 80909 | Zig:20   | Noticed a juggernaut
 80910 | Zig:20   | Noticed a juggernaut
 80911 | Zig:20   | Killed a juggernaut
 80911 | Zig:20   | Killed a juggernaut
 80911 | Zig:20   | Noticed a juggernaut
 80912 | Zig:20   | Killed a juggernaut
 80912 | Zig:20   | Killed a juggernaut
 80912 | Zig:20   | Killed a juggernaut
 80914 | Zig:20   | Noticed a juggernaut
 80916 | Zig:20   | Killed a juggernaut
 80918 | Zig:20   | Killed a juggernaut
 80985 | Zig:20   | Identified the +5 quarterstaff of Zianeh {vorpal, rElec rN+
                  | Int+6}
 80986 | Zig:20   | Identified the +1 flail of Voubb {flame, Stlth+}
 80988 | Zig:20   | Identified the +11 dagger of the Jumping Butterfly {vamp,
                  | MP+9 Dex+4}
 81042 | Zig:20   | Identified the ring of Vaovvyq {rCorr EV+4 Str+8 Int+4
                  | Stlth-}
 81080 | Zig:21   | Entered Level 21 of a ziggurat
 81197 | Zig:21   | Identified the +9 shortbow of the Vestibule of Hell
                  | {vorpal, rPois Str+2 Dex+4}
 81227 | Zig:21   | Identified the +0 troll leather armour of Xatu {Regen+
                  | Dex+4}
 81228 | Zig:21   | Identified the ring of Geyh {rPois MP+9 Str+6}
 81237 | Zig:21   | Got Nofeocwi's Enchiridion on Hypothermia and the Wayfarer
 81322 | Zig:22   | Entered Level 22 of a ziggurat
 81349 | Zig:22   | Found the amulet of the Air {Inacc Air Fly rElec RMsl}
 81572 | Zig:22   | Identified the +8 short sword of Anguish {holy, Dex+5}
 81587 | Zig:22   | Identified the ring of Umolid {Wiz rF+ Int+2}
 81588 | Zig:22   | Identified the ring "Gacsud" {Int+8 Slay+4}
 81604 | Zig:22   | Identified the +6 scimitar "Ciurapho" {antimagic, rF++
                  | Str+2 Int+4}
 81606 | Zig:22   | Identified the ring of Apudgh {Fire rN+ Will+ Str-4}
 81625 | Zig:23   | Entered Level 23 of a ziggurat
 81633 | Zig:23   | Noticed a dread lich
 81634 | Zig:23   | Noticed a dread lich
 81635 | Zig:23   | Killed a dread lich
 81635 | Zig:23   | Noticed a dread lich
 81638 | Zig:23   | Killed a dread lich
 81638 | Zig:23   | Killed a dread lich
 81640 | Zig:23   | Noticed an ancient lich
 81642 | Zig:23   | Noticed a dread lich
 81643 | Zig:23   | Killed an ancient lich
 81643 | Zig:23   | Killed a dread lich
 81644 | Zig:23   | Noticed an ancient lich
 81647 | Zig:23   | Killed an ancient lich
 81647 | Zig:23   | Noticed a dread lich
 81648 | Zig:23   | Killed a dread lich
 81785 | Zig:23   | Identified the +6 flail "Pegasus's Doom" {protect, Str+5}
 81793 | Zig:23   | Identified the ring "Gailuepi" {rF+ Int+7}
 81800 | Zig:23   | Identified the +6 short sword "Anekobit" {vorpal, Contam
                  | Str+5 Int+4}
 81805 | Zig:23   | Identified the +7 war axe of Death's Door {holy, *Corrode
                  | Str+5}
 81821 | Zig:23   | Reached skill level 27 in Spellcasting
 81827 | Zig:23   | Identified the +5 broad axe "Uwaisag" {freeze, Will+ rCorr
                  | Str+4 Int+4 SInv}
 81839 | Zig:23   | Identified the +5 morningstar of Conflict {venom, rF+}
 81844 | Zig:23   | Reached skill level 5 in Armour
 81851 | Zig:24   | Entered Level 24 of a ziggurat
 81856 | Zig:24   | Noticed a shard shrike
 81859 | Zig:24   | Killed a shard shrike
 81859 | Zig:24   | Noticed a shard shrike
 81862 | Zig:24   | Killed a shard shrike
 81866 | Zig:24   | Noticed a shard shrike
 81869 | Zig:24   | Killed a shard shrike
 81882 | Zig:24   | Reached skill level 10 in Armour
 81909 | Zig:24   | Noticed a shard shrike
 81916 | Zig:24   | Killed a shard shrike
 82114 | Zig:24   | Found the +7 Spriggan's Knife {stab, EV+4 Stlth+}
 82124 | Zig:24   | Got Etekufro's Atlas of Congelation
 82147 | Zig:24   | Identified the +7 glaive "Jag Taka" {vorpal, rElec}
 82158 | Zig:24   | Identified the +0 plate armour of Mumblety Peg {+Blink
                  | Str-2 SInv}
 82163 | Zig:25   | Entered Level 25 of a ziggurat
 82173 | Zig:25   | Noticed a royal mummy
 82173 | Zig:25   | Noticed a royal mummy
 82177 | Zig:25   | Noticed a royal mummy
 82179 | Zig:25   | Killed a royal mummy
 82179 | Zig:25   | Killed a royal mummy
 82179 | Zig:25   | Noticed a royal mummy
 82182 | Zig:25   | Noticed a royal mummy
 82183 | Zig:25   | Killed a royal mummy
 82183 | Zig:25   | Killed a royal mummy
 82184 | Zig:25   | Noticed a royal mummy
 82184 | Zig:25   | Noticed a royal mummy
 82186 | Zig:25   | Noticed a royal mummy
 82187 | Zig:25   | Killed a royal mummy
 82187 | Zig:25   | Killed a royal mummy
 82188 | Zig:25   | Noticed a royal mummy
 82188 | Zig:25   | Noticed a royal mummy
 82189 | Zig:25   | Killed a royal mummy
 82189 | Zig:25   | Killed a royal mummy
 82189 | Zig:25   | Noticed a royal mummy
 82190 | Zig:25   | Noticed a royal mummy
 82191 | Zig:25   | Killed a royal mummy
 82191 | Zig:25   | Noticed a royal mummy
 82193 | Zig:25   | Killed a royal mummy
 82193 | Zig:25   | Killed a royal mummy
 82194 | Zig:25   | Killed a royal mummy
 82194 | Zig:25   | Killed a royal mummy
 82203 | Zig:25   | Noticed a royal mummy
 82206 | Zig:25   | Killed a royal mummy
 82515 | Zig:25   | Found the ring of the Tortoise {AC+8}
 82550 | Zig:25   | Reached skill level 15 in Shields
 82553 | Zig:25   | Got the Lectures on the Filthy Sky
 82564 | Zig:25   | Identified the +1 plate armour of Cowardice {rC+ Str+8
                  | Int-2}
 82573 | Zig:25   | Identified the +0 scale mail of Unreason {rPois Int+4
                  | Stlth+}
 82578 | Zig:26   | Entered Level 26 of a ziggurat
 82614 | Zig:26   | Gained mutation: You are frail. (-10% HP) [a shining eye]
 82623 | Zig:26   | Gained mutation: Your mind is acute. (Int +4, Str/Dex -1)
                  | [a shining eye]
 82877 | Zig:26   | Identified the ring "Ifemyss" {rC+ AC+4}
 82879 | Zig:26   | Identified the ring "Hoskoix" {rC+ Dex+3}
 82892 | Zig:26   | Lost mutation: Your mind is acute. (Int +4, Str/Dex -1)
                  | [potion of mutation]
 82892 | Zig:26   | Lost mutation: You are weak. (Str -2) [potion of mutation]
 82892 | Zig:26   | Lost mutation: You are frail. (-10% HP) [potion of
                  | mutation]
 82892 | Zig:26   | Gained mutation: Your mind is acute. (Int +4, Str/Dex -1)
                  | [potion of mutation]
 82892 | Zig:26   | Gained mutation: You are clumsy. (Dex -2) [potion of
                  | mutation]
 82892 | Zig:26   | Gained mutation: You are strong-willed. (Will+) [potion of
                  | mutation]
 82892 | Zig:26   | Gained mutation: Your movements are slightly less
                  | encumbered by armour. (ER -2) [potion of mutation]
 82902 | Zig:27   | Entered Level 27 of a ziggurat
 82908 | Zig:27   | Noticed Peomm the pandemonium lord
 82909 | Zig:27   | Noticed Taunoan the pandemonium lord
 82914 | Zig:27   | Killed Peomm the pandemonium lord
 82914 | Zig:27   | Noticed Peppo the pandemonium lord
 82918 | Zig:27   | Killed Taunoan the pandemonium lord
 82918 | Zig:27   | Noticed a Killer Klown
 82919 | Zig:27   | Noticed a Killer Klown
 82919 | Zig:27   | Noticed Hacacas the pandemonium lord
 82919 | Zig:27   | Noticed Gihac the pandemonium lord
 82919 | Zig:27   | Noticed Piadiur the pandemonium lord
 82919 | Zig:27   | Noticed a Killer Klown
 82919 | Zig:27   | Noticed Jeic the pandemonium lord
 82919 | Zig:27   | Noticed Ynoimm the pandemonium lord
 82919 | Zig:27   | Noticed a Killer Klown
 82920 | Zig:27   | Noticed a Killer Klown
 82921 | Zig:27   | Killed Gihac the pandemonium lord
 82921 | Zig:27   | Killed a Killer Klown
 82921 | Zig:27   | Killed a Killer Klown
 82921 | Zig:27   | Noticed a Killer Klown
 82921 | Zig:27   | Noticed Darrumuv the pandemonium lord
 82921 | Zig:27   | Noticed a Killer Klown
 82921 | Zig:27   | Noticed Zoideiz the pandemonium lord
 82921 | Zig:27   | Noticed a Killer Klown
 82922 | Zig:27   | Killed Piadiur the pandemonium lord
 82922 | Zig:27   | Killed Ynoimm the pandemonium lord
 82922 | Zig:27   | Killed a Killer Klown
 82922 | Zig:27   | Killed a Killer Klown
 82922 | Zig:27   | Noticed Gafourchy the pandemonium lord
 82922 | Zig:27   | Noticed a Killer Klown
 82923 | Zig:27   | Noticed a Killer Klown
 82923 | Zig:27   | Killed a Killer Klown
 82923 | Zig:27   | Killed a Killer Klown
 82923 | Zig:27   | Killed Darrumuv the pandemonium lord
 82923 | Zig:27   | Noticed Ponemiv the pandemonium lord
 82923 | Zig:27   | Noticed a Killer Klown
 82924 | Zig:27   | Noticed Bih Wunt the pandemonium lord
 82924 | Zig:27   | Killed a Killer Klown
 82924 | Zig:27   | Killed a Killer Klown
 82924 | Zig:27   | Killed a Killer Klown
 82924 | Zig:27   | Noticed a Killer Klown
 82925 | Zig:27   | Noticed Doppagegg the pandemonium lord
 82926 | Zig:27   | Noticed Xazeriz the pandemonium lord
 82926 | Zig:27   | Found the amulet of Vitality {RegenMP++ Regen++}
 82927 | Zig:27   | Found the +2 cloak of the Thief {*Fog Slay-2 SInv Stlth+}
 82928 | Zig:27   | Noticed a Killer Klown
 82936 | Depths:1 | Killed a Killer Klown
 83425 | Slime:1  | Entered Level 1 of the Pits of Slime
 83453 | Slime:2  | You fall into a shaft and drop 1 floor!
 83473 | Slime:3  | Reached skill level 1 in Throwing
 83489 | Slime:5  | Entered Level 5 of the Pits of Slime
 83657 | Slime:5  | Gained mutation: Your magical capacity is low. (-10% MP) [a
                  | shining eye]
 83660 | Slime:5  | Noticed the Royal Jelly
 84507 | Slime:5  | Found a viscous altar of Jiyva.
 84511 | Slime:5  | Got the Vellum of Displaced Maleficent Magic
 84512 | Slime:5  | Identified the +3 chain mail "Hifuc" {+Blink Regen+ Str-4
                  | Slay+4}
 84522 | Slime:5  | Identified the +8 whip of Meapim {protect, rF+++}
 84527 | Slime:5  | Got a slimy rune of Zot
 84549 | Slime:5  | Killed the Royal Jelly
 84722 | Slime:2  | Gained mutation: Your body sometimes deteriorates upon
                  | taking damage. [a shining eye]
 84729 | Slime:2  | Gained mutation: Your flesh is heat resistant. (rF+) [a
                  | shining eye]
 85084 | Lair:4   | Lost mutation: Your mind is acute. (Int +4, Str/Dex -1)
                  | [potion of mutation]
 85084 | Lair:4   | Lost mutation: You are strong-willed. (Will+) [potion of
                  | mutation]
 85084 | Lair:4   | Lost mutation: You are clumsy. (Dex -2) [potion of
                  | mutation]
 85084 | Lair:4   | Gained mutation: You are partially covered in large bone
                  | plates. (SH +4) [potion of mutation]
 85085 | Lair:4   | Lost mutation: Your magical capacity is low. (-10% MP)
                  | [potion of mutation]
 85085 | Lair:4   | Lost mutation: You are partially covered in iridescent
                  | scales. (AC +2) [potion of mutation]
 85085 | Lair:4   | Lost mutation: Your movements are slightly less encumbered
                  | by armour. (ER -2) [potion of mutation]
 85085 | Lair:4   | Gained mutation: You passively map a small area around you.
                  | [potion of mutation]
 85085 | Lair:4   | Gained mutation: You are dopey. (Int -2) [potion of
                  | mutation]
 85337 | Crypt:1  | Entered Level 1 of the Crypt
 86743 | Crypt:2  | Noticed Boris
 86745 | Crypt:2  | Killed Boris
 86796 | Crypt:2  | Reached skill level 15 in Conjurations
 86806 | Crypt:2  | Learned a level 6 spell: Iron Shot
 86998 | Crypt:2  | Identified the +1 tower shield "Jofyiq" {Rampage Regen+
                  | Stlth-}
 86998 | Crypt:2  | Noticed Mennas
 87061 | Crypt:2  | Killed Mennas
 87522 | Crypt:2  | Found a large runed translucent door.
 87522 | Crypt:2  | Found a large runed translucent door.
 87523 | Crypt:2  | Noticed Vailuoroe's ghost (veteran GrEE)
 87956 | Crypt:2  | Killed Vailuoroe's ghost
 88108 | Crypt:3  | Entered Level 3 of the Crypt
 88122 | Crypt:3  | Learned a level 9 spell: Fire Storm
 88295 | Crypt:3  | Reached skill level 1 in Fire Magic
 88326 | Crypt:3  | Paralysed by a vampire knight for 2 turns
 88392 | Crypt:3  | Reached skill level 5 in Fire Magic
 88742 | Crypt:3  | Found an ancient bone altar of Kikubaaqudgha.
 88746 | Crypt:3  | Found a basalt altar of Yredelemnul.
 89115 | Crypt:3  | Found a staircase to the Tomb.
 89410 | Crypt:3  | Learned a level 8 spell: Necromutation
 89413 | Tomb:1   | Entered Level 1 of the Tomb of the Ancients
 89458 | Tomb:1   | Reached skill level 1 in Transmutations
 89847 | Tomb:1   | Noticed a royal mummy
 89875 | Tomb:1   | Killed a royal mummy
 89884 | Tomb:1   | Reached skill level 5 in Transmutations
 90364 | Tomb:1   | Noticed a royal mummy
 90364 | Tomb:1   | Noticed a royal mummy
 90366 | Tomb:1   | Killed a royal mummy
 90366 | Tomb:1   | Noticed a royal mummy
 90366 | Tomb:1   | Noticed a royal mummy
 90370 | Tomb:1   | Killed a royal mummy
 90371 | Tomb:1   | Killed a royal mummy
 90371 | Tomb:1   | Killed a royal mummy
 90371 | Tomb:1   | Noticed a royal mummy
 90379 | Tomb:1   | Noticed a royal mummy
 90381 | Tomb:1   | Killed a royal mummy
 90381 | Tomb:1   | Noticed a royal mummy
 90422 | Tomb:1   | Killed a royal mummy
 90423 | Tomb:1   | Reached skill level 10 in Fire Magic
 90426 | Tomb:1   | Noticed a royal mummy
 90430 | Tomb:1   | Noticed a royal mummy
 90431 | Tomb:1   | Noticed a royal mummy
 90431 | Tomb:1   | Noticed a royal mummy
 90431 | Tomb:1   | Noticed a royal mummy
 90432 | Tomb:1   | Noticed a royal mummy
 90434 | Tomb:1   | Killed a royal mummy
 90434 | Tomb:1   | Killed a royal mummy
 90439 | Tomb:1   | Identified the +0 leather armour "Geowk" {-Tele rN+ Int+6}
 90439 | Tomb:1   | Noticed a royal mummy
 90443 | Tomb:1   | Killed a royal mummy
 90443 | Tomb:1   | Killed a royal mummy
 90446 | Tomb:1   | Killed a royal mummy
 90446 | Tomb:1   | Killed a royal mummy
 90466 | Tomb:1   | Noticed a royal mummy
 90468 | Tomb:1   | Killed a royal mummy
 90481 | Tomb:1   | Killed a royal mummy
 90486 | Tomb:1   | Noticed a royal mummy
 90488 | Tomb:1   | Killed a royal mummy
 90493 | Tomb:1   | Noticed a royal mummy
 90493 | Tomb:1   | Noticed a royal mummy
 90780 | Tomb:1   | Killed a royal mummy
 90780 | Tomb:1   | Killed a royal mummy
 91247 | Tomb:1   | Killed a royal mummy
 91247 | Tomb:1   | Noticed a royal mummy
 91261 | Tomb:1   | Killed a royal mummy
 91633 | Tomb:1   | Noticed a royal mummy
 91638 | Tomb:1   | Killed a royal mummy
 91749 | Tomb:1   | Noticed a royal mummy
 91754 | Tomb:1   | Killed a royal mummy
 91826 | Tomb:1   | Noticed a royal mummy
 91828 | Tomb:1   | Killed a royal mummy
 92839 | Tomb:2   | Noticed a royal mummy
 92842 | Tomb:2   | Noticed a royal mummy
 92845 | Tomb:2   | Noticed a royal mummy
 92845 | Tomb:2   | Noticed a royal mummy
 92847 | Tomb:2   | Killed a royal mummy
 92847 | Tomb:2   | Killed a royal mummy
 92847 | Tomb:2   | Killed a royal mummy
 93043 | Tomb:2   | Killed a royal mummy
 93044 | Tomb:2   | Reached skill level 15 in Fire Magic
 94185 | Tomb:3   | Entered Level 3 of the Tomb of the Ancients
 94195 | Tomb:3   | Noticed a royal mummy
 94196 | Tomb:3   | Noticed a royal mummy
 94198 | Tomb:3   | Killed a royal mummy
 94198 | Tomb:3   | Killed a royal mummy
 94212 | Tomb:3   | Noticed a royal mummy
 94216 | Tomb:3   | Killed a royal mummy
 94222 | Tomb:3   | Noticed a royal mummy
 94226 | Tomb:3   | Killed a royal mummy
 94278 | Tomb:3   | Noticed a royal mummy
 94281 | Tomb:3   | Killed a royal mummy
 94427 | Tomb:3   | Noticed a royal mummy
 94431 | Tomb:3   | Killed a royal mummy
 94602 | Tomb:3   | Noticed a royal mummy
 94606 | Tomb:3   | Killed a royal mummy
 94611 | Tomb:3   | Noticed a royal mummy
 94614 | Tomb:3   | Killed a royal mummy
 94637 | Tomb:3   | Noticed a royal mummy
 94807 | Tomb:3   | Killed a royal mummy
 95276 | Tomb:3   | Identified the +7 short sword "Nanyurirgh" {spect, Stlth+}
 95279 | Tomb:3   | Identified the +5 falchion of the Fortifying Augurer {pain,
                  | rElec rPois Int-5 SInv}
 95395 | Tomb:3   | Got a golden rune of Zot
 95834 | Zot:1    | Entered Level 1 of the Realm of Zot
 98301 | Zot:2    | Noticed an orb of fire
 98305 | Zot:2    | Gained mutation: You sometimes lose your temper in combat.
                  | [an orb of fire]
 98307 | Zot:2    | Killed an orb of fire
 99707 | Zot:3    | Noticed an orb of fire
 99708 | Zot:3    | Gained mutation: You occasionally lose the ability to read
                  | scrolls when taking damage. [an orb of fire]
 99714 | Zot:3    | Killed an orb of fire
100664 | Zot:3    | Lost mutation: Your flesh is heat resistant. (rF+) [potion
                  | of mutation]
100664 | Zot:3    | Lost mutation: You passively map a small area around you.
                  | [potion of mutation]
100664 | Zot:3    | Lost mutation: You occasionally lose the ability to read
                  | scrolls when taking damage. [potion of mutation]
100664 | Zot:3    | Gained mutation: You have sharp fingernails. [potion of
                  | mutation]
100664 | Zot:3    | Gained mutation: You have a somewhat thin skeletal
                  | structure. (Dex +2, Stealth+) [potion of mutation]
100664 | Zot:3    | Lost mutation: You sometimes lose your temper in combat.
                  | [potion of mutation]
100664 | Zot:3    | Gained mutation: You are somewhat resistant to further
                  | mutation. [potion of mutation]
100787 | Pan      | Entered Pandemonium
100873 | Pan      | Noticed Roudas the pandemonium lord
100876 | Pan      | Killed Roudas the pandemonium lord
101534 | Pan      | Noticed Utew the pandemonium lord
101997 | Pan      | Killed Utew the pandemonium lord
102349 | Pan      | Found a transporter.
102667 | Pan      | Identified the amulet of Hoapibag {Acrobat rF+ rN+}
102825 | Pan      | Gained mutation: You are frail. (-10% HP) [a cacodemon]
103273 | Pan      | Gained mutation: You are occasionally teleported next to
                  | monsters. [mutagenic glow]
103465 | Pan      | Identified the ring "Jegudo" {rElec EV+4 Str+2 Dex+2
                  | Stlth+}
103476 | Pan      | Found a runed translucent door.
103969 | Pan      | Lost mutation: You are partially covered in large bone
                  | plates. (SH +4) [potion of mutation]
103969 | Pan      | Lost mutation: You are somewhat resistant to further
                  | mutation. [potion of mutation]
103969 | Pan      | Lost mutation: Your body sometimes deteriorates upon taking
                  | damage. [potion of mutation]
103969 | Pan      | Gained mutation: You have a pair of small horns on your
                  | head. [potion of mutation]
103969 | Pan      | Gained mutation: You have sharp toenails. [potion of
                  | mutation]
103970 | Pan      | Lost mutation: You are frail. (-10% HP) [potion of
                  | mutation]
103970 | Pan      | Lost mutation: You are dopey. (Int -2) [potion of mutation]
103970 | Pan      | Lost mutation: You have a pair of small horns on your head.
                  | [potion of mutation]
103970 | Pan      | Gained mutation: You are partially covered in iridescent
                  | scales. (AC +2) [potion of mutation]
103970 | Pan      | Gained mutation: You are mostly covered in iridescent
                  | scales. (AC +4) [potion of mutation]
103971 | Pan      | Lost mutation: You have sharp fingernails. [potion of
                  | mutation]
103971 | Pan      | Lost mutation: You are mostly covered in iridescent scales.
                  | (AC +4) [potion of mutation]
103971 | Pan      | Lost mutation: You have sharp toenails. [potion of
                  | mutation]
103971 | Pan      | Lost mutation: You are partially covered in iridescent
                  | scales. (AC +2) [potion of mutation]
103971 | Pan      | Gained mutation: Your muscles are strong. (Str +4, Int/Dex
                  | -1) [potion of mutation]
103973 | Pan      | Lost mutation: You are occasionally teleported next to
                  | monsters. [potion of mutation]
103973 | Pan      | Lost mutation: Your muscles are strong. (Str +4, Int/Dex
                  | -1) [potion of mutation]
103973 | Pan      | Lost mutation: You have a somewhat thin skeletal structure.
                  | (Dex +2, Stealth+) [potion of mutation]
103973 | Pan      | Gained mutation: You have very sharp teeth. [potion of
                  | mutation]
103973 | Pan      | Gained mutation: You are resistant to electric shocks.
                  | (rElec) [potion of mutation]
103973 | Pan      | Gained mutation: You have hidden genetic defects. [potion
                  | of mutation]
103973 | Pan      | Gained mutation: You are robust. (+10% HP) [potion of
                  | mutation]
104732 | Pan      | Noticed Upnugg the pandemonium lord
104749 | Pan      | Killed Upnugg the pandemonium lord
104795 | Pan      | Gained mutation: You occasionally lose the ability to read
                  | scrolls when taking damage. [hidden defects]
105021 | Pan      | Entered the realm of Mnoleg.
105127 | Pan      | Gained mutation: You are clumsy. (Dex -2) [a neqoxec]
105135 | Pan      | Noticed Mnoleg
105153 | Pan      | Killed Mnoleg
105170 | Pan      | Got a glowing rune of Zot
105446 | Pan      | Gained mutation: You have terrible hidden genetic defects.
                  | [hidden defects]
105446 | Pan      | Lost mutation: You have terrible hidden genetic defects.
                  | [hidden defects expressed]
105562 | Pan      | Identified the +1 scale mail "Qeanat" {Rampage rC- MP+9
                  | Slay+3}
105624 | Pan      | Entered the realm of Cerebov.
105626 | Pan      | Found the +6 sword of Cerebov {flame}
105626 | Pan      | Noticed Cerebov
105749 | Pan      | Killed Cerebov
105899 | Pan      | Got a fiery rune of Zot
105929 | Pan      | Identified the +2 ring mail "Bifiv" {Dex+6 Slay-6}
105946 | Pan      | Identified the +4 robe of Fortification {rElec rC- Dex+6}
105947 | Pan      | Identified the amulet of Cuismed {Faith rC+ Regen+}
106049 | Pan      | Gained mutation: You occasionally lose the ability to drink
                  | potions when taking damage. [hidden defects]
106049 | Pan      | Lost mutation: You have hidden genetic defects. [hidden
                  | defects expressed]
106114 | Pan      | Entered the realm of Gloorx Vloq.
106612 | Pan      | Noticed Gloorx Vloq
106625 | Pan      | Killed Gloorx Vloq
106636 | Pan      | Got a dark rune of Zot
107297 | Pan      | Entered the realm of Lom Lobon.
107416 | Pan      | Found an exit through the horrors of the Abyss.
107514 | Pan      | Reached skill level 10 in Fighting
107905 | Pan      | Identified the +8 plate armour "Qayfapt Moqi" {Fly}
108821 | Pan      | Noticed Lom Lobon
108834 | Pan      | Killed Lom Lobon
108945 | Pan      | Got a magical rune of Zot
110021 | Pan      | Noticed Qouqyupn the pandemonium lord
110028 | Pan      | Killed Qouqyupn the pandemonium lord
110070 | Pan      | Reached skill level 15 in Fighting
110260 | Pan      | Noticed Miarr the pandemonium lord
110263 | Pan      | Killed Miarr the pandemonium lord
110881 | Pan      | Found an exit through the horrors of the Abyss.
111353 | Pan      | Noticed Hohuibeff the pandemonium lord
111362 | Pan      | Killed Hohuibeff the pandemonium lord
111428 | Pan      | Reached skill level 1 in Evocations
111772 | Pan      | Reached skill level 10 in Staves
112051 | Pan      | Got a demonic rune of Zot
112109 | Pan      | Took an exit into the Abyss.
112109 | Abyss:1  | Escaped into the Abyss
112110 | Abyss:1  | Found a corrupted altar of Lugonu.
112193 | Abyss:2  | Found a bloodstained altar of Trog.
112482 | Abyss:2  | Reached skill level 5 in Evocations
112960 | Abyss:3  | Noticed a dread lich
112965 | Abyss:3  | Killed a dread lich
113049 | Abyss:3  | Found a shimmering blue altar of Sif Muna.
113823 | Abyss:4  | Reached skill level 15 in Staves
113843 | Depths:4 | Escaped the Abyss
113994 | Depths:4 | Voluntarily entered the Abyss.
113994 | Abyss:4  | Found a corrupted altar of Lugonu.
114007 | Abyss:4  | Found a corrupted altar of Lugonu.
114014 | Abyss:4  | Got an abyssal rune of Zot
114056 | Abyss:4  | Gained mutation: Your body sometimes deteriorates upon
                  | taking damage. [a neqoxec]
114078 | Abyss:4  | Reached skill level 10 in Evocations
114126 | Depths:4 | Escaped the Abyss
114292 | Hell     | Entered the Vestibule of Hell
114292 | Hell     | Noticed Geryon
114300 | Hell     | Killed Geryon
114586 | Hell     | Paralysed by a vampire knight for 3 turns
115342 | Hell     | Found a gateway to the Iron City of Dis.
115408 | Hell     | Found a gateway to the decaying netherworld of Tartarus.
115558 | Hell     | Found a gateway to the freezing wastes of Cocytus.
115909 | Hell     | Found a gateway to the ashen valley of Gehenna.
116089 | Coc:1    | Entered Level 1 of Cocytus
116234 | Coc:2    | Noticed a shard shrike
116234 | Coc:2    | Noticed a shard shrike
116235 | Coc:2    | Killed a shard shrike
116235 | Coc:2    | Noticed a shard shrike
116235 | Coc:2    | Noticed a shard shrike
116236 | Coc:2    | Killed a shard shrike
116236 | Coc:2    | Killed a shard shrike
116240 | Coc:2    | Killed a shard shrike
116414 | Coc:4    | Noticed a dread lich
116417 | Coc:4    | Noticed a shard shrike
116421 | Coc:4    | Killed a shard shrike
116424 | Coc:4    | Killed a dread lich
116424 | Coc:4    | Noticed a shard shrike
116431 | Coc:4    | Killed a shard shrike
116434 | Coc:4    | Reached skill level 15 in Evocations
116467 | Coc:5    | Noticed a shard shrike
116467 | Coc:5    | Noticed a shard shrike
116468 | Coc:5    | Noticed a shard shrike
116468 | Coc:5    | Noticed a shard shrike
116472 | Coc:5    | Killed a shard shrike
116472 | Coc:5    | Killed a shard shrike
116473 | Coc:5    | Killed a shard shrike
116473 | Coc:5    | Killed a shard shrike
116592 | Coc:5    | Noticed a shard shrike
116592 | Coc:5    | Noticed a shard shrike
116594 | Coc:5    | Killed a shard shrike
116594 | Coc:5    | Killed a shard shrike
116596 | Coc:5    | Killed a shard shrike
116596 | Coc:5    | Noticed a shard shrike
116597 | Coc:5    | Killed a shard shrike
116597 | Coc:5    | Noticed a shard shrike
116598 | Coc:5    | Killed a shard shrike
116598 | Coc:5    | Killed a shard shrike
116717 | Coc:6    | Noticed a shard shrike
116717 | Coc:6    | Noticed a shard shrike
116717 | Coc:6    | Noticed a dread lich
116718 | Coc:6    | Noticed a shard shrike
116722 | Coc:6    | Killed a shard shrike
116723 | Coc:6    | Killed a shard shrike
116734 | Coc:6    | Killed a shard shrike
116740 | Coc:6    | Noticed a shard shrike
116745 | Coc:6    | Killed a shard shrike
116752 | Coc:6    | Killed a dread lich
116757 | Coc:6    | Noticed a shard shrike
116758 | Coc:6    | Killed a shard shrike
116762 | Coc:6    | Noticed a shard shrike
116763 | Coc:6    | Killed a shard shrike
116765 | Coc:6    | Killed a shard shrike
116980 | Coc:7    | Entered Level 7 of Cocytus
117576 | Coc:7    | Paralysed by a wendigo for 1 turns
117651 | Coc:7    | Noticed a shard shrike
117653 | Coc:7    | Noticed a shard shrike
117654 | Coc:7    | Killed a shard shrike
117656 | Coc:7    | Killed a shard shrike
117656 | Coc:7    | Noticed a shard shrike
117897 | Coc:7    | Noticed a shard shrike
117980 | Coc:7    | Noticed a shard shrike
117983 | Coc:7    | Killed a shard shrike
118130 | Coc:7    | Reached skill level 5 in Throwing
118411 | Coc:7    | Noticed a shard shrike
118433 | Coc:7    | Noticed a shard shrike
118486 | Coc:7    | Noticed a shard shrike
118486 | Coc:7    | Noticed a shard shrike
118488 | Coc:7    | Killed a shard shrike
118488 | Coc:7    | Killed a shard shrike
118490 | Coc:7    | Killed a shard shrike
118490 | Coc:7    | Killed a shard shrike
118923 | Coc:7    | Killed a shard shrike
118940 | Coc:7    | Paralysed by a wendigo for 1 turns
119104 | Coc:7    | Reached skill level 10 in Throwing
119327 | Coc:7    | Killed a shard shrike
119776 | Coc:7    | Identified the ring of Mouji {Will+ Int+4}
119782 | Coc:7    | Identified the ring of the Sky {rN+ EV+4 Int+3}
120201 | Coc:7    | Identified the +6 rapier of Jejoud {flame, +Blink}
120201 | Coc:7    | Noticed Antaeus
120230 | Coc:7    | Killed Antaeus
120231 | Coc:7    | Reached skill level 15 in Armour
120428 | Coc:7    | Got an icy rune of Zot
120556 | Tar:1    | Entered Level 1 of Tartarus
120598 | Tar:1    | You fall into a shaft and drop 1 floor!
120697 | Tar:3    | Noticed an ancient lich
120701 | Tar:3    | Killed an ancient lich
121514 | Slime:5  | Identified the amulet of the Fae God {Spirit rF++ rCorr
                  | Int+2}
121533 | Slime:5  | Acquired 753 gold pieces
123021 | Tar:2    | Reached skill level 15 in Throwing
123882 | Tar:6    | Noticed an ancient lich
123888 | Tar:6    | Killed an ancient lich
124134 | Tar:7    | Entered Level 7 of Tartarus
126814 | Tar:7    | Identified the +1 scale mail of Action {Int+3}
126815 | Tar:7    | Identified the +0 robe of the Devil {rC- rN+++ Slay+3 SInv}
126818 | Tar:7    | Identified the +7 quarterstaff "Ysexehuz" {vorpal, rC+
                  | Int+2}
127480 | Tar:7    | Noticed Ereshkigal
127487 | Tar:7    | Killed Ereshkigal
127557 | Tar:7    | Got a bone rune of Zot
127870 | Hell     | Lost mutation: Your body sometimes deteriorates upon taking
                  | damage. [potion of mutation]
127870 | Hell     | Lost mutation: You have very sharp teeth. [potion of
                  | mutation]
127870 | Hell     | Gained mutation: You expend magic power (3 MP) to
                  | strengthen your wands. [potion of mutation]
127871 | Hell     | Lost mutation: You expend magic power (3 MP) to strengthen
                  | your wands. [potion of mutation]
127871 | Hell     | Lost mutation: You are resistant to electric shocks.
                  | (rElec) [potion of mutation]
127871 | Hell     | Lost mutation: You occasionally lose the ability to drink
                  | potions when taking damage. [potion of mutation]
127871 | Hell     | Lost mutation: You occasionally lose the ability to read
                  | scrolls when taking damage. [potion of mutation]
127871 | Hell     | Gained mutation: You are occasionally teleported next to
                  | monsters. [potion of mutation]
127871 | Hell     | Lost mutation: You are clumsy. (Dex -2) [potion of
                  | mutation]
127872 | Hell     | Lost mutation: You are occasionally teleported next to
                  | monsters. [potion of mutation]
127872 | Hell     | Lost mutation: You are robust. (+10% HP) [potion of
                  | mutation]
127872 | Hell     | Gained mutation: You sometimes lose your temper in combat.
                  | [potion of mutation]
127872 | Hell     | Gained mutation: You have sharp toenails. [potion of
                  | mutation]
127872 | Hell     | Gained mutation: Your muscles are strong. (Str +4, Int/Dex
                  | -1) [potion of mutation]
127873 | Hell     | Lost mutation: Your muscles are strong. (Str +4, Int/Dex
                  | -1) [potion of mutation]
127873 | Hell     | Lost mutation: You have sharp toenails. [potion of
                  | mutation]
127873 | Hell     | Lost mutation: You sometimes lose your temper in combat.
                  | [potion of mutation]
127873 | Hell     | Gained mutation: Your spells are a little easier to cast,
                  | but a little less powerful. [potion of mutation]
127873 | Hell     | Gained mutation: You expend magic power (3 MP) to
                  | strengthen your wands. [potion of mutation]
127874 | Hell     | Lost mutation: You expend magic power (3 MP) to strengthen
                  | your wands. [potion of mutation]
127874 | Hell     | Lost mutation: Your spells are a little easier to cast, but
                  | a little less powerful. [potion of mutation]
127874 | Hell     | Gained mutation: You are strong-willed. (Will+) [potion of
                  | mutation]
127874 | Hell     | Gained mutation: Your magical capacity is low. (-10% MP)
                  | [potion of mutation]
127874 | Hell     | Gained mutation: You expend magic power (3 MP) to
                  | strengthen your wands. [potion of mutation]
127875 | Hell     | Lost mutation: You are strong-willed. (Will+) [potion of
                  | mutation]
127875 | Hell     | Lost mutation: Your magical capacity is low. (-10% MP)
                  | [potion of mutation]
127875 | Hell     | Gained mutation: You are robust. (+10% HP) [potion of
                  | mutation]
127875 | Hell     | Gained mutation: Your mind is acute. (Int +4, Str/Dex -1)
                  | [potion of mutation]
127894 | Dis:1    | Entered Level 1 of the Iron City of Dis
128402 | Dis:3    | You fall into a shaft and drop 1 floor!
129440 | Dis:7    | Entered Level 7 of the Iron City of Dis
131257 | Dis:7    | Found the +4 staff of Dispater
131257 | Dis:7    | Noticed Dispater
131264 | Dis:7    | Killed Dispater
131380 | Dis:7    | Got an iron rune of Zot
131522 | Dis:7    | Found the +4 skin of Zhor {*Englaciate rC+++ SInv}
131674 | Geh:1    | Entered Level 1 of Gehenna
132030 | Geh:2    | Noticed a dread lich
132033 | Geh:2    | Killed a dread lich
132999 | Geh:7    | Entered Level 7 of Gehenna
133354 | Geh:7    | Noticed a dread lich
133356 | Geh:7    | Noticed the Serpent of Hell
133405 | Geh:7    | Killed the Serpent of Hell
133863 | Geh:7    | Killed a dread lich
133979 | Geh:7    | Identified the ring of the Tortured God {Will++ Int+6}
134112 | Geh:7    | Found the +7 sceptre of Asmodeus
134112 | Geh:7    | Noticed Asmodeus
134147 | Geh:7    | Killed Asmodeus
134213 | Geh:7    | Got an obsidian rune of Zot
134649 | Zot:4    | Reached skill level 27 in Shields
134983 | Zot:5    | Entered Level 5 of the Realm of Zot
135428 | Zot:5    | Noticed a Killer Klown
135435 | Zot:5    | Killed a Killer Klown
135542 | Zot:5    | Noticed an ancient lich
135546 | Zot:5    | Killed an ancient lich
135863 | Zot:5    | Noticed an ancient lich
135867 | Zot:5    | Noticed an orb of fire
135871 | Zot:5    | Killed an ancient lich
135876 | Zot:5    | Killed an orb of fire
136226 | Zot:5    | Noticed a Killer Klown
136228 | Zot:5    | Killed a Killer Klown
136244 | Zot:5    | Noticed an orb of fire
136249 | Zot:5    | Killed an orb of fire
136250 | Zot:5    | Noticed a Killer Klown
136253 | Zot:5    | Noticed a Killer Klown
136256 | Zot:5    | Killed a Killer Klown
136256 | Zot:5    | Noticed a dread lich
136257 | Zot:5    | Killed a Killer Klown
136268 | Zot:5    | Killed a dread lich
136584 | Zot:5    | Noticed an orb of fire
136587 | Zot:5    | Noticed an ancient lich
136588 | Zot:5    | Killed an orb of fire
136594 | Zot:5    | Killed an ancient lich
137411 | Zot:5    | Got the Orb of Zot
138010 | D:$      | Escaped with the Orb!

Illustrated notes

Levels and vault maps discovered:
D:1:      amcnicky_arrival_wind_blow, layout_loops_ring, serial_bayou_lake_a
D:2:      layout_rooms, item_on_display_a
D:3:      layout_rooms, nicolae_dithmenos_the_darkroom, cheibrodos_worm_habitat,
          lemuel_crystal_altar, uniq_sigmund, uniq_robin,
          uniq_crazy_yiuf_cottage
D:4:      corexii_shantytown, layout_basic,
          grunt_temple_overflow_order_and_chaos_1,
          ashenzari_conservatory_becter, chequers_serial_rivers_micro_c
D:5:      layout_basic
D:6:      layout_loops_ring, minmay_temple_entry_slanted, serial_glass,
          glass_columns_c, glass_columns_b, st_stairs_11, grunt_tough_drop,
          uniq_prince_ribbit1
D:7:      layout_loops_cross
D:8:      layout_basic, elyvilon_altar_4, uniq_erica, uniq_pikel
D:9:      layout_stronghold, mainiacjoe_overflow_alcove_2, serial_shops,
          nicolae_shop_advertising_works [nicolae_subvault_shop_adworks],
          shop_coins, shop, nicolae_shop_crystal, uniq_joseph
D:10:     layout_roguey, mainiacjoe_overflow_concentric_impassable
D:11:     layout_long_grid, due_lair_maze_entry_diamond, serial_glass,
          glass_columns_b, glass_columns_c
D:12:     layout_loops_ring, kennysheep_orc_monster_closet_entryway,
          ebering_ghost_disaster_area
D:13:     layout_roguey, david_vaults_5, minivault_10
D:14:     minmay_tri_stars, layout_irregular_city,
          chequers_serial_rivers_micro_d, hangedman_decor_points
D:15:     hangedman_depths_entry_civil_slaughter, layout_long_grid,
          grunt_qazlal_clouds
Lair:1:   layout_roguey, infiniplex_staircase_pool_2, grunt_megastairs_4,
          uniq_gastronok
Lair:2:   nzn_winding_woodlands_small [nzn_winding_woodlands_5x15_sidewinder,
          nzn_winding_woodlands_center_triple_pond,
          nzn_winding_woodlands_5x15_split_checker], layout_loops_ring,
          elwin_shoals_entry_rooms
Lair:3:   layout_long_grid, lightli_volcano_entry_magma_tube
Lair:4:   layout_cave_pods, minmay_slime_entry_oklob_open,
          gauntlet_entry_generic, portal_ice_cave_demonic_guard,
          nicolae_quartered_pool_medium, minivault_24
Lair:5:   hellmonk_lair_end_abyssal_woods, layout_small_grid,
          gammafunk_ghost_icy, grunt_megastairs_3
Shoals:1: layout_shoals, uniq_louise
Shoals:2: layout_shoals, serial_shops, nicolae_shop_waterfront, uniq_nikola,
          uniq_jorgrun, uniq_polyphemus
Shoals:3: layout_shoals, uniq_ilsuiw
Shoals:4: shoals_end_hangedman, layout_shoals
Snake:1:  layout_basic, serial_shops, bzr_entry_dummy,
          nicolae_shop_temple_entry_statues_fountains, shop,
          nicolae_shop_temple_entry_statues_fountains,
          nicolae_shop_temple_entry_statues_fountains, uniq_azrael, uniq_aizul,
          uniq_mlioglotl
Snake:2:  nicolae_snake_nest, layout_onion, uniq_frances, uniq_agnes,
          uniq_vashnia
Snake:3:  layout_chambers, nrook_guardian_serpent_double, minmay_shoptagon
Snake:4:  snake_pit_salamanders_mu, layout_layer_cave, drop_trap
Slime:1:  layout_caves, nicolae_slime_barrier
Slime:2:  layout_caves, cheibrodos_slime_lost_civilization_7
Slime:3:  cheibrodos_slime_lost_civilization_9, layout_caves
Slime:4:  layout_caves
Slime:5
Orc:1:    giant_chief_lemuel, layout_diamond_mine, basic_altar,
          hellmonk_bongcloud_opening, nicolae_orc_rockfall, uniq_maurice,
          uniq_josephine, uniq_snorg, uniq_sonja
Orc:2:    grunt_orc_community_town_hall, layout_caves,
          grunt_orc_community_big_house_2, grunt_orc_community_big_house_2,
          grunt_orc_community_house_3, grunt_orc_community_house_2,
          grunt_orc_community_house_3, grunt_orc_community_house_1,
          grunt_orc_community_house_3, uniq_donald
Elf:1:    nicolae_elf_arrival_fired_up, layout_gridlike,
          hangedman_corner_corridor
Elf:2:    elven_hall_of_blades_hangedman_original
          [nicolae_blade_entry_sentries_behind_glass], layout_geoelf_grid,
          serial_shops, shop
Elf:3:    nooodl_elf_gasket, layout_rooms, enter_trove_0
Vaults:1: nicolae_vaults_stairing_the_circle, nicolae_vaults_little_squares_5,
          hangedman_vaults_stagger, nicolae_vaults_little_squares_5,
          nicolae_vaults_little_squares_4, grunt_vaults_focal,
          layout_vaults_quadrants, uniq_zenata
Vaults:2: gammafunk_ghost_necromancy, nicolae_vaults_network_quincunx
          [nicolae_vaults_network_quincunx_subvault,
          nicolae_vaults_network_quincunx_subvault,
          nicolae_vaults_network_quincunx_subvault,
          nicolae_vaults_network_quincunx_subvault,
          nicolae_vaults_network_quincunx_subvault], vaults_room_boxed,
          vaults_mumra_hexcomb, v_misc_27, vaults_mumra_chevron,
          hangedman_vaults_cutoff, not_door_vault_mu, vaults_mumra_hex,
          minmay_crypt_entry_simple_box, nicolae_vaults_little_squares_6,
          vaults_room_fancy_cross, hangedman_vaults_impose,
          ontoclasm_vaults_shuriken, layout_vaults_big_cross, serial_shops,
          nicolae_square_shop, nicolae_shop_behind_doors
Vaults:3: v_misc_18, nicolae_vaults_triangles, nicolae_vaults_little_squares_5,
          hangedman_vaults_cutoff, st_spiral_rooms, v_alt_pattern_6, v_misc_22,
          nicolae_vaults_alarming, ontoclasm_vaults_twist,
          vaults_room_fancy_cross, nicolae_vaults_circle_grid_b,
          vaults_room_grid, v_misc_27, layout_vaults_omnibox
Vaults:4: hangedman_vaults_capsules, v_misc_15, hangedman_vaults_nodes,
          v_pattern_5, hangedman_vaults_trim, v_misc_32,
          hangedman_vaults_stretched_pinwheel, v_misc_14,
          nicolae_vaults_network_s, nicolae_vaults_branching_niches,
          layout_vaults_ring, uniq_boris, uniq_xtahua
Vaults:5: serial_shops
Crypt:1:  layout_regular_city, grunt_megastairs_1
Crypt:2:  layout_gridlike, ebering_ghost_disaster_area, weyrava_ghost_lake,
          uniq_mennas
Crypt:3:  lightli_unholy_cathedral, layout_chaotic_city, skrybe_necro_troll_2
Tomb:1
Tomb:2
Tomb:3
Depths:1: layout_cave_shapes, enter_ziggurat_e, gammafunk_ghost_abyssal_escape,
          hellmouth_1, minmay_tree_intersection, minmay_misc_feat_enclosed,
          nicolae_benzene_ring, minmay_misc_feat_cross,
          nicolae_rock_paper_scissors
Depths:2: hangedman_elemental_death_ray, layout_basic, pan_entry,
          grunt_mini_vestibule, serial_glass, glass_columns_a, glass_columns_b,
          glass_columns_a, glass_columns_a, glass_columns_b, glass_columns_a,
          glass_columns_a, glass_columns_b, minmay_strange_pillars,
          feat_on_display, serial_bayou_shore_b, uniq_grunn, uniq_asterion,
          uniq_josephina
Depths:3: minmay_the_grid_triangle_9x9_recursive_2_mashed
          [minmay_the_grid_triangle_9x9_prize_center,
          minmay_the_grid_triangle_9x9_alien,
          minmay_the_grid_triangle_9x9_intruding_spiral,
          minmay_the_grid_triangle_9x9_corruption], layout_honeycomb,
          nicolae_hepliaklqana_hippocampus, serial_shops, shop,
          abyss_entry_small_statue_room, pf_hell_entry_great_geh
Depths:4: grunt_zot_entry_bicorn, layout_gridlike, hell_entry,
          hangedman_decor_growths, grunt_pan_entry_in_and_out, abyss_entry,
          uniq_saint_roka
Hell
Dis:1:    layout_gridville
Dis:2:    layout_subdivisions
Dis:3:    layout_gridville
Dis:4:    layout_subdivisions
Dis:5:    layout_overlapping_boxes, nicolae_dis_having_a_grate_time
Dis:6:    nicolae_dis_array, layout_subdivisions
Dis:7:    iron_city_of_dis [dis_old, dis_wall_1], layout_gridville
Geh:1:    hangedman_generic_boss_arena
Geh:2:    layout_gehenna_lava_caves
Geh:3:    layout_gehenna_lava_caves
Geh:4:    layout_gehenna_pools_basic
Geh:5:    layout_gehenna_lava_caves
Geh:6:    layout_gehenna_pools_box
Geh:7:    geh_old
Coc:1:    layout_ice_bergs
Coc:2:    nooodl_cocytus_jagged_cave
Coc:3:    layout_ice_bergs
Coc:4:    layout_cocytus_water_paths
Coc:5:    layout_cocytus_delve, nicolae_hells_fiendish_ambush
Coc:6:    layout_ice_bergs
Coc:7:    coc_hangedman
Tar:1:    layout_grid_maze
Tar:2:    layout_grid_maze
Tar:3:    layout_grid_maze
Tar:4:    layout_catacombs, nicolae_tar_windowcombs
Tar:5:    layout_grid_maze
Tar:6:    nicolae_tar_entranced, layout_cathedral_of_symmetry
Tar:7:    tar_minmay_river
Zot:1:    layout_cathedral_of_symmetry
Zot:2:    kennysheep_ambush_hall, layout_gridville, grunt_ministairs_6,
          st_small_dragon_hoard_5
Zot:3:    layout_gridlike, grunt_megastairs_2, lemuel_elevator
Zot:4:    hellmonk_paralyzer, layout_cathedral_of_symmetry, grunt_ministairs_6
Zot:5:    layout_cathedral_of_symmetry

Skill      XL: |  1  2  3  4  5  6  7  8  9 10 11 12 13 14 15 16 17 18 19 20 21 22 23 24 25 26 27 |
---------------+----------------------------------------------------------------------------------+-----
Spellcasting   | 3 4 5 7 10 12 15 16 19 21 27 | 27.0
Conjurations   | 5 6 7 10 23 | 23.6
Translocations | 3 |  3.6
Dodging        | 6 10 11 12 20 | 20.4
Necromancy     | 5 7 9 12 14 16 18 19 21 | 21.9
Fighting       | 4 7 22 | 22.0
Staves         | 7 20 | 20.5
Shields        | 8 10 27 | 27.0
Earth Magic    | 6 10 13 15 16 18 20 21 22 27 | 27.0
Armour         | 15 | 15.6
Throwing       | 25 | 25.0
Fire Magic     | 23 | 23.2
Transmutations | 5 |  5.2
Evocations     | 17 | 17.0
Stealth        | |  2.0

Action                   |  1- 3 |  4- 6 |  7- 9 | 10-12 | 13-15 | 16-18 | 19-21 | 22-24 | 25-27 || total
-------------------------+-------+-------+-------+-------+-------+-------+-------+-------+-------++-------
Melee: Unarmed           |     1 |       |       |       |       |       |       |       |       ||     1
       Dagger            |    32 |    39 |     5 |       |       |       |       |       |       ||    76
       Staff             |       |       |    31 |    25 |    90 |   136 |    46 |    64 |  1295 ||  1687
       Mace              |       |       |    15 |       |       |       |       |       |       ||    15
       Punch             |       |       |     1 |     1 |       |       |       |       |       ||     2
       Bite              |       |       |       |       |       |       |       |       |   181 ||   181
Throw: Javelin           |       |       |       |       |       |       |       |       |    22 ||    22
 Cast: Magic Dart        |    34 |    80 |    30 |    31 |     5 |       |       |       |       ||   180
       Searing Ray       |     2 |     9 |    71 |    72 |    35 |     7 |       |       |       ||   196
       Iskenderun's Myst |       |       |     5 |   124 |   463 |   236 |    30 |    35 |    27 ||   920
       Sublimation of Bl |       |       |     1 |     6 |    62 |    79 |    67 |   112 |   735 ||  1062
       Mephitic Cloud    |       |       |       |       |    15 |    21 |       |     1 |       ||    37
       Borgnjor's Vile C |       |       |       |       |       |   346 |   327 |   257 |   154 ||  1084
       Anguish           |       |       |       |       |       |     2 |       |       |       ||     2
       Dispel Undead     |       |       |       |       |       |     1 |       |       |    51 ||    52
       Lee's Rapid Decon |       |       |       |       |       |    18 |    93 |   144 |   149 ||   404
       Death Channel     |       |       |       |       |       |    20 |    38 |     4 |     3 ||    65
       Infestation       |       |       |       |       |       |       |    42 |   129 |   176 ||   347
       Blink             |       |       |       |       |       |       |       |     1 |    29 ||    30
       Iron Shot         |       |       |       |       |       |       |       |       |  1262 ||  1262
       Shatter           |       |       |       |       |       |       |       |       |   909 ||   909
       Fire Storm        |       |       |       |       |       |       |       |       |   181 ||   181
       Necromutation     |       |       |       |       |       |       |       |       |   173 ||   173
       Orb of Destructio |       |       |       |       |       |       |       |       |    31 ||    31
       Death's Door      |       |       |       |       |       |       |       |       |     1 ||     1
Invok: Potion Petition   |       |       |       |       |       |       |       |       |    70 ||    70
       Call Merchant     |       |       |       |       |       |       |       |       |     2 ||     2
 Abil: End Transformatio |       |       |       |       |       |       |       |       |    91 ||    91
Evoke: Wand              |       |     5 |       |     1 |     6 |    21 |       |       |    30 ||    63
  Use: Scroll            |     3 |     5 |     9 |     6 |    11 |    12 |    11 |     5 |    44 ||   106
       Potion            |       |       |       |     1 |     3 |    12 |       |     1 |    64 ||    81
 Stab: Sleeping          |     2 |     1 |       |       |       |       |     1 |       |     2 ||     6
       Distracted        |     1 |     1 |       |       |     1 |     3 |       |       |    17 ||    23
       Confused          |       |       |       |       |     1 |       |       |       |       ||     1
       Invisible         |       |       |       |       |       |       |       |       |     3 ||     3
Armor: Robe              |     7 |     9 |    55 |    42 |    47 |    56 |    15 |    20 |   220 ||   471
       Animal skin       |       |       |       |       |       |       |       |       |    17 ||    17
       Skin              |       |       |       |       |       |       |       |       |     3 ||     3
Dodge: Dodged            |    17 |    25 |    92 |   100 |   188 |   336 |   125 |   157 |  1146 ||  2186
Block: Kite shield       |       |       |       |       |    40 |   239 |   108 |   139 |  1683 ||  2209
       Reflection        |       |       |       |       |       |       |       |     4 |    60 ||    64
       Tower shield      |       |       |       |       |       |       |       |       |    53 ||    53
